 Dungeon Crawl Stone Soup version 0.31-a0-217-g58bb5d79cf (webtiles) character file.

Game seed: 11819181531839302587

530411 qw the Slayer (level 25, -25/180 HPs)
             Began as a Gargoyle Fighter on July 2, 2023.
             Was an Elder of Okawaru.
             Annihilated by an acid blob (27 damage)
             ... created by the Royal Jelly
             ... on level 5 of the Pits of Slime.
             The game lasted 00:46:26 (52430 turns).

qw the Slayer (Gargoyle Fighter)                   Turns: 52430, Time: 00:46:27

Health: -25/180    AC: 21    Str: 37 (39) XL:     25   Next: 61%
Magic:  21/30      EV: 19    Int:  9 (11) God:    Okawaru [****..]
Gold:   6004       SH: 26    Dex: 14 (15) Spells: 24/24 levels left

rFire   + . .        u - +5 war axe (vamp)
rCold   + . .        H - +1 tower shield {rC+}
rNeg    + + .        A - +10 chain mail of the Okapi {Contam rCorr Int+2 Dex+3}
rPois   inf          (helmet restricted)
rElec   +            P - +4 dragonskin cloak
rCorr   +            I - +2 pair of gloves
SInv    +            D - +2 pair of boots
Will    +....        L - amulet "Qeybb" {Faith rN+ Int-2 Stlth+}
Stlth   +            N - ring of Reimbursement {AC+4 Dex+4 SInv}
HPRegen 0.50/turn    w - +6 ring of strength
MPRegen 0.22/turn

%: faith
@: about to teleport, heroic, corroded, flying
A: sickness immunity, AC +19, big wings, negative energy resistance 1,
electricity resistance, torment resistance 1, petrification resistance, antennae
1, deterioration 2, fire resistance 1, strong 1, devolution 1
}: 3/15 runes: decaying, silver, gossamer
a: Renounce Religion, Heroism, Finesse


You were on level 5 of the Pits of Slime.
You worshipped Okawaru.
Okawaru was greatly pleased with you.
You visited 10 branches of the dungeon, and saw 49 of its levels.

You collected 9101 gold pieces.
You spent 3097 gold pieces at shops.


Innate Abilities, Weirdness & Mutations

You are immune to sickness and miasma.
Your stone body is resilient. (AC +19)
You are immune to poison.
Your large and strong wings let you fly.
You resist negative energy. (rN+)
You are resistant to electric shocks. (rElec)
You are resistant to unholy torment.
You are immune to petrification.
You have a pair of small antennae on your head.
Your body often deteriorates upon taking damage.
Your flesh is heat resistant. (rF+)
Your muscles are strong. (Str +4, Int/Dex -1)
You have hidden genetic defects.


   Skills:
 - Level 24.8(27) Fighting
 - Level 16.0(21.0) Axes
 + Level 13.0(18.0) Throwing
 - Level 22.0(27) Armour
 - Level 12.9(17.9) Dodging
 - Level 22.0(27) Shields
 - Level 10.0 Invocations


You had 24 spell levels left.
You didn't know any spells.
Your spell library was empty.

Inventory:

Hand Weapons
 l - a +2 broad axe of flaming
 u - a +5 vampiric war axe (weapon)
 C - a +1 vampiric war axe
 E - a +4 antimagic broad axe
Missiles
 b - 9 silver boomerangs
 c - 2 silver javelins (quivered)
 n - 27 boomerangs
 J - 3 boomerangs of dispersal
Armour
 s - the +3 plate armour of the Tarantula {Regen+ Dex+3}
   (You acquired it on level 6 of the Dungeon)

   Dex:       It affects your dexterity (+3).
   Regen:     It increases your rate of health regeneration.
 x - a +3 plate armour of fire resistance
 y - a +10 plate armour of ponderousness
 z - +0 gold dragon scales
 A - the +10 chain mail of the Okapi (worn) {Contam rCorr Int+2 Dex+3}
   (Okawaru gifted it to you on level 15 of the Dungeon)

   Int:       It affects your intelligence (+2).
   Dex:       It affects your dexterity (+3).
   Contam:    It causes magical contamination when unequipped.
   rCorr:     It protects you from acid and corrosion.
 D - a +2 pair of boots (worn)
 H - a +1 tower shield of cold resistance (worn)
 I - a +2 pair of gloves (worn)
 O - a scarf of resistance
 P - the +4 dragonskin cloak (worn)
   (You took it off Tiamat on level 4 of the Realm of Zot)

   Avatar's Aegis: It grants the wearer a chance to resist fire, cold, poison,
   electricity, acid, and negative energy.
Jewellery
 a - a ring of protection from fire
 e - a ring of protection from cold
 k - a ring of protection from fire
 o - the ring "Jama" {rC+ rCorr Int+6}
   (You found it on level 3 of the Depths)

   [ring of intelligence]

   Int:       It affects your intelligence (+6).
   rC:        It protects you from cold.
   rCorr:     It protects you from acid and corrosion.
 w - a +6 ring of strength (right hand)
 G - an amulet of reflection
 L - the amulet "Qeybb" (around neck) {Faith rN+ Int-2 Stlth+}
   (You found it on level 5 of the Vaults)

   [amulet of faith]

   It allows you to gain divine favour quickly.
   Int:       It affects your intelligence (-2).
   rN:        It protects you from negative energy.
   Stlth:     It makes you more stealthy.
 N - the ring of Reimbursement (left hand) {AC+4 Dex+4 SInv}
   (You took it off a yaktaur captain on level 5 of the Vaults)

   [ring of protection]

   AC:        It affects your AC (+4).
   Dex:       It affects your dexterity (+4).
   SInv:      It lets you see invisible.
Wands
 F - a wand of digging (8)
Scrolls
 h - 36 scrolls of identify
 q - 2 scrolls of teleportation
Potions
 d - 8 potions of might
 g - 7 potions of lignification
 i - 7 potions of attraction
 p - 5 potions of enlightenment
 r - 5 potions of magic
 t - 8 potions of haste

Dungeon Overview and Level Annotations

Branches:
Dungeon (15/15)            Temple (1/1) D:5            Lair (5/5) D:9
  Swamp (4/4) Lair:3       Spider (4/4) Lair:2        Slime (5/5) Lair:5
    Orc (2/2) D:9             Elf (0/3) Orc:2        Vaults (5/5) D:13
  Crypt (0/3) Vaults:2     Depths (4/4) D:15            Zot (4/5) Depths:4

Altars:
Ashenzari
Cheibriados
Dithmenos
Elyvilon
Fedhas
Gozag
Hepliaklqana
Kikubaaqudgha
Makhleb
Nemelex Xobeh
Okawaru
Qazlal
Ru
Sif Muna
Trog
Uskayaw
Vehumet
Wu Jian
Xom
Yredelemnul
Zin
The Shining One
Jiyva

Shops:
D:9 (   D:13 !   Orc:1 !   Orc:2 [=[(**[   Vaults:4 (

Portals:
Hell: Depths:1 Depths:2 Depths:3 Depths:4
Abyss: Depths:1 Depths:3
Pandemonium: Depths:2 Depths:4
Ziggurat: Depths:4

Annotations:
D:3 1 runed translucent door, Crazy Yiuf
D:13 2 transporters, Ined's ghost, journeyman MiBe
D:15 3 runed translucent doors, qw's ghost, journeyman GrFi
Lair:5 2 runed translucent doors
Slime:5 Royal Jelly
Vaults:1 1 runed translucent door, qw's ghost, adept DEHu
Zot:2 2 transporters


Message History

You hit the rockslime but do no damage.
The rockslime is severely wounded.
You slash the quicksilver ooze!
You feel better.
You hit the rockslime but do no damage. x2
You hit the acid blob but do no damage. The acid corrodes you!
Your hands burn!
The rockslime misses you. You block the rockslime's attack. x2
You block the quicksilver ooze's attack.
The quicksilver ooze barely misses you. You block the acid blob's attack.
You hit the quicksilver ooze but do no damage.
The quicksilver ooze is almost dead.
You hit the rockslime.
You feel better.
You hit the rockslime but do no damage. x2
You hit the acid blob but do no damage.
Your hands burn!
You block the rockslime's attack. The rockslime completely misses you.
The quicksilver ooze closely misses you.
The quicksilver ooze hits you but does no damage.
You block the rockslime's attack. You block the acid blob's attack.
You miss the quicksilver ooze.
The quicksilver ooze is almost dead.
You slice the rockslime!!
You feel better.
You hit the rockslime. You hit the rockslime but do no damage.
You hit the acid blob but do no damage.
Your hands burn!
The rockslime closely misses you.
You block the quicksilver ooze's attack. x2
The rockslime closely misses you.
You completely miss the quicksilver ooze.
The quicksilver ooze is almost dead.
You slash the acid blob!
Your hands burn!
You slash the rockslime! You slice the rockslime!!
You hit the rockslime but do no damage. You block the acid blob's attack.
You block the rockslime's attack.
You block the quicksilver ooze's attack.
The quicksilver ooze hits you but does no damage.
The rockslime hits you!
You hold your ground!
The rockslime hits you!!
You are shoved backwards!
52430 ||| READING 3 scrolls of teleportation.
As you read the scroll of teleportation, it crumbles to dust.
You feel strangely unstable.
You block the quicksilver ooze's attack. x2
The acid blob closely misses you. The ooze engulfing you falls away.
The rockslime hits you!!
You hold your ground!
The acid blob hits you!!
You die...

##.............
#..............
###.............
#...............
###..............
#................
#................
###...............
#@JJ..............
#JJJ..............
##J...............
#.................
#..................
####...............
#...............
#...............
##......(.......


You could see the Royal Jelly, an acid blob, 2 rockslimes and 2 quicksilver
oozes.

Vanquished Creatures
  A dread lich (Vaults:5)
  Tiamat (Zot:4)
  A Killer Klown (Zot:3)
  2 curse toes (Zot:3)
  Saint Roka (Depths:3)
  Xtahua (Depths:3)
  7 golden dragons
  Jory (Depths:2)
  2 electric golems
  Jorgrun (D:12)
  Zenata (Vaults:3)
  9 tentacled monstrosities
  A lich (Vaults:5)
  19 acid blobs
  A walking divine tome (Depths:4)
  10 death cobs
  7 quicksilver dragons
  4 titans
  An Executioner (Zot:2)
  5 sphinxes
  4 tengu reavers
  14 storm dragons
  14 shadow dragons
  5 draconian monks
  4 azure jellies
  An azure jelly (shapeshifter) (Vaults:1)
  A draconian knight (Zot:2)
  6 rockslimes
  2 daevas (Depths:4)
  2 deep elf sorcerers
  10 frost giants
  4 emperor scorpions
  A fenstrider witch (Swamp:3)
  15 vault wardens
  5 draconian scorchers
  10 fire giants
  Aizul (Swamp:2)
  A balrug (Depths:3)
  7 draconian stormcallers
  4 ghost moths
  6 broodmothers
  Louise (Depths:3)
  2 orc warlords
  An angel (Depths:4)
  2 draconian annihilators (Zot:2)
  3 draconian shifters (Zot:2)
  19 ironbound preservers
  A spriggan defender (Depths:3)
  A reaper (Depths:4)
  12 stone giants
  8 formless jellyfish
  9 war gargoyles
  4 quicksilver oozes
  22 very ugly things
  6 black draconians
  4 vampire knights (Depths:2)
  6 ironbound thunderhulks
  8 green draconians
  2 grey draconians (Depths:4)
  A deep elf annihilator (Vaults:1)
  7 purple draconians
  8 red draconians
  4 spark wasps
  4 bunyips
  9 white draconians
  8 dire elephants
  8 yellow draconians
  2 deep elf death magi
  11 eidola (Depths:2)
  A crystal guardian (Vaults:3)
  8 ettins
  4 deep elf high priests
  10 entropy weavers
  16 yaktaur captains
  10 great orbs of eyes
  A shambling mangrove (Swamp:3)
  13 fire dragons
  7 ice dragons
  2 ghost crabs
  28 vault guards
  24 hydras
  A catoblepas (Depths:3)
  4 jorogumos
  2 peacekeepers
  4 rakshasas
  2 ogre magi (Orc:2)
  2 spriggan air magi
  15 centaur warriors
  An anaconda (Swamp:4)
  8 ironbound frosthearts
  6 deep troll shamans
  5 radroaches
  7 alligators
  14 two-headed ogres
  10 boulder beetles
  3 dancing weapons (Depths:3)
  4 tengu warriors
  A vampire mage (Depths:3)
  A deep troll earth mage (Depths:1)
  18 demonic crawlers
  A soul eater (Depths:4)
  7 hell knights
  2 sun demons (Depths:3)
  7 spriggan berserkers
  11 shadow wraiths
  7 iron trolls
  4 skeletal warriors (D:14)
  A skyshark (Lair:5)
  Lodul (D:11)
  A death drake (Swamp:2)
  7 pharaoh ants
  8 orb spiders
  6 spriggan druids
  A death drake (shapeshifter) (Vaults:3)
  44 deep trolls
  4 flayed ghosts
  2 goliath frogs
  4 sun moths (Spider:4)
  19 swamp dragons
  5 glowing orange brains
  7 bog bodies
  A sphinx zombie (Depths:2)
  11 lindwurms
  8 wizards
  3 harpies (Vaults:4)
  8 phantasmal warriors
  16 ironbound convokers
  A tengu zombie (Vaults:4)
  5 orc knights
  34 ugly things
  3 necromancers
  23 wolf spiders
  6 will-o-the-wisps
  3 shining eyes
  5 orc sorcerers
  9 steelbarb worms
  11 deep elf pyromancers
  2 deep elf zephyrmancers (Orc:1)
  2 manticores
  10 cyclopes
  16 elephants
  A faun (shapeshifter) (Vaults:5)
  A black mamba (shapeshifter) (D:14)
  19 moths of wrath
  3 eyes of devastation
  5 torpor snails
  8 black mambas
  3 molten gargoyles (Lair:5)
  9 cane toads
  13 vault sentinels
  An orange demon (Depths:4)
  A gargoyle (D:12)
  5 rime drakes
  24 yaktaurs
  2 efreet (D:14)
  2 freezing wraiths
  5 komodo dragons
  An ice devil (Depths:4)
  2 tengu conjurers
  A golden dragon simulacrum (Depths:2)
  10 meliai
  2 polar bears
  31 tarantellas
  16 hornets
  12 trolls
  7 tyrant leeches
  25 blink frogs
  A hellwing (Depths:4)
  4 dream sheep (Lair:5)
  Grinder (D:3)
  Sigmund (D:4)
  A frost giant simulacrum (Depths:2)
  A jumping spider (shapeshifter) (Vaults:5)
  2 shadows
  92 slime creatures
  19 spriggans
  10 wyverns
  A spriggan (shapeshifter) (D:14)
  21 jumping spiders
  3 wraiths
  12 culicivoras
  4 basilisks
  Eustachio (D:5)
  39 yaks
  4 golden eyes (Slime:5)
  22 vampire mosquitoes
  57 redbacks
  5 steam dragons
  A death yak simulacrum (D:12)
  2 wargs (Orc:2)
  10 swamp worms
  17 water moccasins
  An acid dragon (D:11)
  A glowing shapeshifter zombie (Vaults:4)
  Duvessa (D:5)
  A floating eye (Depths:1)
  11 swamp drakes
  4 hell hounds (Lair:5)
  30 orc warriors
  2 ice beasts
  4 black bears
  2 sky beasts (D:7)
  28 ogres
  7 boggarts
  29 wolves
  6 centaurs
  14 bullfrogs
  2 kobold brigands
  2 gnoll sergeants
  2 two-headed ogre simulacra (D:12)
  5 scorpions
  A human skeleton (Vaults:4)
  A cane toad simulacrum (D:12)
  A hornet simulacrum (D:11)
  12 wights
  Dowan (D:5)
  9 killer bees (D:11)
  2 howler monkeys (D:12)
  2 electric eels
  5 lava snakes (Lair:5)
  2 jellies
  4 hounds
  6 orc priests
  2 sleepcaps
  Jessica (D:3)
  Terence (D:3)
  23 orc wizards
  Natasha (thrice) (D:4)
  An iguana (D:5)
  A polar bear simulacrum (D:12)
  A spriggan simulacrum (D:12)
  A troll simulacrum (D:12)
  A wolf simulacrum (D:12)
  Robin (D:2)
  6 adders
  16 gnolls
  4 white imps
  2 ufetubi (D:5)
  2 worms
  4 dart slugs
  51 orcs
  4 ball pythons
  7 endoplasms
  2 giant cockroaches
  16 goblins
  9 hobgoblins
  2 jackals (D:1)
  13 kobolds
  5 quokkas
  6 bats
  A frilled lizard (D:2)
  25 rats
1873 creatures vanquished.

Vanquished Creatures (others)
  A draconian knight (Zot:2)
  A ghost moth (Zot:3)
  A green draconian (Zot:2)
  An orb spider (Spider:2)
  A deep elf pyromancer (Orc:1)
  A guardian serpent (shapeshifter) (D:15)
  2 orc warriors
  A howler monkey (D:6)
  An orc wizard (Orc:2)
  An orc (Orc:1)
  27 foxfires
38 creatures vanquished.

Grand Total: 1911 creatures vanquished

Notes
Turn   | Place    | Note
-------+----------+-------------------------------------------
     0 | D:1      | qw the Gargoyle Fighter began the quest for the Orb.
     0 | D:1      | Reached XP level 1. HP: 14/14 MP: 1/1
     0 | D:1      | 0 ||| qw: Version: 0.3-a-40-ge99b1a8
     0 | D:1      | 0 ||| qw: Game counter: 139
     0 | D:1      | 0 ||| qw: Melee chars always use a shield: true
     0 | D:1      | 0 ||| qw: God list: Okawaru
     0 | D:1      | 0 ||| qw: Allow faded altars: false
     0 | D:1      | 0 ||| qw: Do Orc after clearing Dungeon:15 true
     0 | D:1      | 0 ||| qw: Do second Lair branch before Depths: true
     0 | D:1      | 0 ||| qw: Lair rune preference: random
     0 | D:1      | 0 ||| qw: Goals: Normal, Zot:1-4, Slime:5, God:TSO, Crypt,
                  | Tomb, Abyss, Pan, Hells, Win
     0 | D:1      | 0 ||| PLANNING D:1-11
    65 | D:1      | Reached XP level 2. HP: 17/19 MP: 2/2
   315 | D:1      | 315 ||| DROPPING +0 club.
   361 | D:1      | Reached skill level 3 in Axes
   442 | D:1      | 442 ||| READING scroll labelled XIGHER ZYRUWN.
   446 | D:1      | 446 ||| FLEEEEING.
   447 | D:1      | 447 ||| FLEEEEING.
   448 | D:1      | 448 ||| FLEEEEING.
   453 | D:1      | Reached XP level 3. HP: 19/23 MP: 3/3
   755 | D:1      | 755 ||| READING scroll labelled GEAT XOOHECKAR.
   759 | D:1      | 759 ||| READING scroll labelled GUFI YQINIV.
   760 | D:1      | 760 ||| READING scroll labelled BAUL LONAAT.
   761 | D:1      | 761 ||| DRINKING 2 purple potions.
  1176 | D:2      | Identified the +3 ring mail of Marbles {rN+ Str-5 Slay+3}
  1207 | D:2      | 1207 ||| Stepping ~*~*~tactically~*~*~ (hiding).
  1216 | D:2      | HP: 4/23 [gnoll/+0 halberd (8)]
  1217 | D:2      | 1217 ||| DRINKING potion of heal wounds.
  1221 | D:2      | Reached XP level 4. HP: 26/28 MP: 4/4
  1244 | D:2      | 1244 ||| Stepping ~*~*~tactically~*~*~ (hiding).
  1612 | D:2      | Noticed Robin
  1613 | D:2      | 1613 ||| Stepping ~*~*~tactically~*~*~ (hiding).
  1618 | D:2      | Reached XP level 5. HP: 32/32 MP: 5/5
  1620 | D:2      | Killed Robin
  1621 | D:2      | 1621 ||| Stepping ~*~*~tactically~*~*~ (hiding).
  1806 | D:2      | 1806 ||| UPGRADING to +0 pair of boots.
  1811 | D:2      | 1811 ||| UPGRADING to +3 ring mail of Marbles {rN+ Str-5
                  | Slay+3}.
  1821 | D:2      | 1821 ||| DROPPING +0 scale mail.
  1822 | D:2      | 1822 ||| UPGRADING to +0 helmet.
  1827 | D:2      | 1827 ||| UPGRADING to ring of see invisible.
  1828 | D:2      | 1828 ||| READING scroll labelled KONAAS RUESAIP.
  1829 | D:2      | 1829 ||| DRINKING 3 glowing blue potions.
  1829 | D:2      | Gained mutation: You are partially covered in iridescent
                  | scales. (AC +2) [potion of mutation]
  1829 | D:2      | Gained mutation: Potions are less effective at restoring
                  | your health. [potion of mutation]
  1829 | D:2      | Gained mutation: Your mind is acute. (Int +4, Str/Dex -1)
                  | [potion of mutation]
  1830 | D:2      | 1830 ||| DRINKING 2 potions of mutation.
  1830 | D:2      | Lost mutation: You are partially covered in iridescent
                  | scales. (AC +2) [potion of mutation]
  1830 | D:2      | Lost mutation: Potions are less effective at restoring your
                  | health. [potion of mutation]
  1830 | D:2      | Lost mutation: Your mind is acute. (Int +4, Str/Dex -1)
                  | [potion of mutation]
  1830 | D:2      | Gained mutation: Your spells are a little harder to cast,
                  | but a little more powerful. [potion of mutation]
  1830 | D:2      | Gained mutation: Your natural rate of healing is unusually
                  | fast. [potion of mutation]
  1831 | D:2      | 1831 ||| READING 3 scrolls of identify.
  1831 | D:2      | 1831 ||| IDENTIFYING silvery potion
  1832 | D:2      | 1832 ||| READING 2 scrolls of identify.
  1832 | D:2      | 1832 ||| IDENTIFYING ruby potion
  1951 | D:3      | Noticed Jessica
  1962 | D:3      | Killed Jessica
  1963 | D:3      | Reached skill level 1 in Dodging
  2073 | D:3      | 2073 ||| Stepping ~*~*~tactically~*~*~ (hiding).
  2223 | D:3      | Noticed Terence
  2238 | D:3      | Killed Terence
  2239 | D:3      | Reached XP level 6. HP: 38/38 MP: 6/6
  2467 | D:3      | Found a runed translucent door.
  2468 | D:3      | Noticed Crazy Yiuf
  2530 | D:3      | Noticed Grinder
  2535 | D:3      | 2535 ||| Stepping ~*~*~tactically~*~*~ (hiding).
  2536 | D:3      | 2536 ||| Stepping ~*~*~tactically~*~*~ (hiding).
  2542 | D:3      | Paralysed by Grinder for 5 turns
  2549 | D:3      | Paralysed by Grinder for 4 turns
  2557 | D:3      | Killed Grinder
  2558 | D:3      | Reached skill level 3 in Throwing
  2608 | D:3      | Reached skill level 4 in Fighting
  2608 | D:3      | Reached XP level 7. HP: 43/43 MP: 7/7
  2608 | D:3      | 2608 ||| DROPPING +0 mace.
  2625 | D:3      | Found a sacrificial altar of Ru.
  2691 | D:3      | 2691 ||| UPGRADING to +2 chain mail of positive energy.
  2701 | D:3      | 2701 ||| DROPPING +3 ring mail of Marbles {rN+ Str-5
                  | Slay+3}.
  2702 | D:3      | 2702 ||| DRINKING 2 bubbling inky potions.
  2738 | D:4      | 2738 ||| Stepping ~*~*~tactically~*~*~ (stealth).
  2972 | D:4      | Reached skill level 6 in Axes
  3073 | D:4      | Found a glowing golden altar of the Shining One.
  3073 | D:4      | Found a glowing silver altar of Zin.
  3073 | D:4      | Noticed Sigmund
  3074 | D:4      | Found a white marble altar of Elyvilon.
  3106 | D:4      | Killed Sigmund
  3234 | D:4      | 3234 ||| Stepping ~*~*~tactically~*~*~ (stealth).
  3238 | D:4      | Noticed Natasha
  3246 | D:4      | Killed Natasha
  3317 | D:4      | Noticed Natasha
  3318 | D:4      | 3318 ||| Stepping ~*~*~tactically~*~*~ (stealth).
  3319 | D:4      | 3319 ||| Stepping ~*~*~tactically~*~*~ (stealth).
  3320 | D:4      | 3320 ||| Stepping ~*~*~tactically~*~*~ (stealth).
  3326 | D:4      | Killed Natasha
  3447 | D:4      | Noticed Natasha
  3452 | D:4      | Killed Natasha
  3453 | D:4      | Reached XP level 8. HP: 48/48 MP: 8/8
  3503 | D:4      | 3503 ||| UPGRADING to +0 plate armour.
  3513 | D:4      | 3513 ||| DROPPING +2 chain mail of positive energy.
  3514 | D:4      | 3514 ||| UPGRADING to +4 ring of protection.
  3515 | D:4      | 3515 ||| DROPPING ring of see invisible.
  3516 | D:4      | 3516 ||| READING 2 scrolls labelled XUIL XUCSIOT.
  3517 | D:4      | 3517 ||| DRINKING 2 lumpy silvery potions.
  3518 | D:4      | 3518 ||| READING 2 scrolls of identify.
  3518 | D:4      | 3518 ||| IDENTIFYING orange potion
  3519 | D:4      | 3519 ||| DROPPING scroll of fog.
  3533 | D:5      | Entered Level 5 of the Dungeon
  3533 | D:5      | Noticed Eustachio
  3585 | D:5      | Killed Eustachio
  3597 | D:5      | Noticed Dowan
  3597 | D:5      | Noticed Duvessa
  3598 | D:5      | 3598 ||| Stepping ~*~*~tactically~*~*~ (hiding).
  3608 | D:5      | Killed Duvessa
  3614 | D:5      | Killed Dowan
  3615 | D:5      | Reached skill level 5 in Fighting
  3710 | D:5      | 3710 ||| Stepping ~*~*~tactically~*~*~ (hiding).
  3745 | D:5      | 3745 ||| Stepping ~*~*~tactically~*~*~ (stealth).
  3774 | D:5      | 3774 ||| Stepping ~*~*~tactically~*~*~ (stealth).
  3804 | D:5      | Found a staircase to the Ecumenical Temple.
  3805 | D:5      | 3805 ||| PLANNING TEMPLE
  3810 | Temple   | Entered the Ecumenical Temple
  3923 | Temple   | 3923 ||| PLANNING D:1-11
  4090 | D:5      | 4090 ||| Stepping ~*~*~tactically~*~*~ (hiding).
  4246 | D:5      | 4246 ||| READING 2 scrolls of identify.
  4246 | D:5      | 4246 ||| IDENTIFYING cyan potion
  4247 | D:5      | 4247 ||| DROPPING potion of ambrosia.
  4286 | D:6      | 4286 ||| Stepping ~*~*~tactically~*~*~ (stealth).
  4355 | D:6      | 4355 ||| Stepping ~*~*~tactically~*~*~ (hiding).
  4363 | D:6      | Reached skill level 6 in Fighting
  4363 | D:6      | Reached XP level 9. HP: 45/55 MP: 9/9
  4373 | D:6      | 4373 ||| Stepping ~*~*~tactically~*~*~ (hiding).
  4565 | D:6      | Reached skill level 9 in Axes
  4595 | D:6      | 4595 ||| DROPPING +0 flail.
  5007 | D:6      | 5007 ||| READING scroll labelled MAMAMOEPUO.
  5007 | D:6      | Identified a scroll of acquirement
  5007 | D:6      | 5007 ||| ACQUIRING +3 plate armour of the Tarantula {Regen+
                  | Dex+3}
  5007 | D:6      | Acquired the +3 plate armour of the Tarantula {Regen+
                  | Dex+3}
  5009 | D:6      | 5009 ||| UPGRADING to +3 plate armour of the Tarantula
                  | {Regen+ Dex+3}.
  5019 | D:6      | 5019 ||| DROPPING +0 plate armour.
  5020 | D:6      | 5020 ||| READING scroll labelled EMI NININ.
  5021 | D:6      | 5021 ||| READING 2 scrolls of identify.
  5021 | D:6      | 5021 ||| IDENTIFYING pink potion
  5058 | D:7      | Reached skill level 6 in Armour
  5066 | D:7      | 5066 ||| FLEEEEING.
  5068 | D:7      | 5068 ||| Stepping ~*~*~tactically~*~*~ (hiding).
  5069 | D:7      | 5069 ||| Stepping ~*~*~tactically~*~*~ (hiding).
  5070 | D:7      | 5070 ||| Stepping ~*~*~tactically~*~*~ (hiding).
  5186 | D:7      | 5186 ||| Stepping ~*~*~tactically~*~*~ (cloud).
  5193 | D:7      | Reached skill level 7 in Fighting
  5297 | D:7      | 5297 ||| Stepping ~*~*~tactically~*~*~ (hiding).
  5301 | D:7      | 5301 ||| Stepping ~*~*~tactically~*~*~ (stealth).
  5363 | D:7      | 5363 ||| Stepping ~*~*~tactically~*~*~ (hiding).
  5364 | D:7      | 5364 ||| Stepping ~*~*~tactically~*~*~ (hiding).
  5374 | D:7      | Reached XP level 10. HP: 63/63 MP: 10/10
  5453 | D:7      | 5453 ||| READING scroll of enchant armour.
  5453 | D:7      | 5453 ||| ENCHANTING +0 helmet.
  5624 | D:7      | 5624 ||| READING scroll labelled XUOLEM NEUF.
  5625 | D:7      | 5625 ||| READING scroll labelled FAOZATWAUPAI.
  5626 | D:7      | 5626 ||| READING 2 scrolls of identify.
  5626 | D:7      | 5626 ||| IDENTIFYING bubbling amethyst potion
  5627 | D:7      | 5627 ||| DROPPING potion of brilliance.
  5841 | D:8      | Found a blossoming altar of Fedhas.
  5886 | D:8      | 5886 ||| READING scroll of enchant armour.
  5886 | D:8      | 5886 ||| ENCHANTING +1 helmet.
  5926 | D:8      | 5926 ||| Stepping ~*~*~tactically~*~*~ (cloud).
  6332 | D:8      | Found a shadowy altar of Dithmenos.
  6337 | D:8      | Found an iron altar of Okawaru.
  6338 | D:8      | 6338 ||| PLANNING OKAWARU WORSHIP
  6338 | D:8      | 6338 ||| DROPPING +6 ring of intelligence.
  6345 | D:8      | Became a worshipper of Warmaster Okawaru
  6346 | D:8      | 6346 ||| PLANNING D:1-11
  6384 | D:8      | Noticed a cyclops
  6385 | D:8      | 6385 ||| Stepping ~*~*~tactically~*~*~ (hiding).
  6387 | D:8      | 6387 ||| Stepping ~*~*~tactically~*~*~ (hiding).
  6398 | D:8      | Killed a cyclops
  6399 | D:8      | Reached skill level 8 in Fighting
  6537 | D:8      | Reached * piety under Okawaru
  6565 | D:8      | Found a shimmering altar of Xom.
  6568 | D:8      | Found a shimmering altar of Xom.
  6568 | D:8      | Found a shimmering altar of Xom.
  6568 | D:8      | Found a shimmering altar of Xom.
  6568 | D:8      | Found a shimmering altar of Xom.
  6569 | D:8      | Found a shimmering altar of Xom.
  6569 | D:8      | Found a shimmering altar of Xom.
  6787 | D:9      | Found a burning altar of Makhleb.
  6797 | D:9      | 6797 ||| INVOKING Heroism.
  6800 | D:9      | Found an ornate altar of the Wu Jian Council.
  6800 | D:9      | Found a hazy altar of Hepliaklqana.
  6840 | D:9      | Noticed a two-headed ogre
  6841 | D:9      | 6841 ||| INVOKING Heroism.
  6851 | D:9      | Killed a two-headed ogre
  6900 | D:9      | Reached skill level 1 in Invocations
  6951 | D:9      | 6951 ||| Stepping ~*~*~tactically~*~*~ (stealth).
  6971 | D:9      | 6971 ||| INVOKING Heroism.
  6984 | D:9      | Reached skill level 3 in Invocations
  6984 | D:9      | Reached XP level 11. HP: 60/69 MP: 10/13
  7007 | D:9      | 7007 ||| DROPPING +3 flail.
  7008 | D:9      | 7008 ||| DROPPING +2 mace of holy wrath.
  7062 | D:9      | Found a staircase to the Lair.
  7063 | D:9      | 7063 ||| INVOKING Heroism.
  7110 | D:9      | Found a flagged portal.
  7143 | D:9      | 7143 ||| INVOKING Heroism.
  7144 | D:9      | Found Ynwapsen's Weapon Boutique.
  7169 | D:9      | Reached skill level 9 in Fighting
  7172 | D:9      | Found a staircase to the Orcish Mines.
  7183 | D:9      | 7183 ||| BUYING +0 broad axe (56 gold).
  7183 | D:9      | Bought a +0 broad axe for 56 gold pieces
  7183 | D:9      | 7183 ||| BUYING +0 war axe of flaming (116 gold).
  7183 | D:9      | Bought a +0 war axe of flaming for 116 gold pieces
  7183 | D:9      | 7183 ||| SWAPPING to +0 war axe of flaming.
  7184 | D:9      | 7184 ||| DROPPING +2 morningstar.
  7185 | D:9      | 7185 ||| DROPPING +1 war axe.
  7246 | D:9      | Found a radiant altar of Vehumet.
  7340 | D:9      | 7340 ||| Stepping ~*~*~tactically~*~*~ (hiding).
  7343 | D:9      | 7343 ||| Stepping ~*~*~tactically~*~*~ (hiding).
  7344 | D:9      | 7344 ||| Stepping ~*~*~tactically~*~*~ (hiding).
  7345 | D:9      | 7345 ||| Stepping ~*~*~tactically~*~*~ (hiding).
  7587 | D:9      | 7587 ||| PLANNING LAIR
  7587 | D:9      | 7587 ||| READING scroll labelled AMELAXTO ECOWEI.
  7617 | Lair:1   | Entered Level 1 of the Lair of Beasts
  7618 | Lair:1   | 7618 ||| INVOKING Heroism.
  7682 | Lair:1   | 7682 ||| Stepping ~*~*~tactically~*~*~ (stealth).
  7687 | Lair:1   | 7687 ||| Stepping ~*~*~tactically~*~*~ (stealth).
  7692 | Lair:1   | Reached ** piety under Okawaru
  7777 | Lair:1   | 7777 ||| Stepping ~*~*~tactically~*~*~ (stealth).
  7824 | Lair:1   | 7824 ||| Stepping ~*~*~tactically~*~*~ (stealth).
  7825 | Lair:1   | 7825 ||| INVOKING Heroism.
  7845 | Lair:1   | Reached skill level 12 in Axes
  7854 | Lair:1   | 7854 ||| INVOKING Heroism.
  7989 | Lair:1   | 7989 ||| Stepping ~*~*~tactically~*~*~ (stealth).
  7990 | Lair:1   | 7990 ||| INVOKING Heroism.
  8015 | Lair:1   | 8015 ||| INVOKING Heroism.
  8353 | Lair:1   | 8353 ||| READING scroll labelled EHEAMO RUTA.
  8354 | Lair:1   | 8354 ||| READING 2 scrolls of identify.
  8354 | Lair:1   | 8354 ||| IDENTIFYING clear potion
  8355 | Lair:1   | 8355 ||| DRINKING potion of experience.
  8355 | Lair:1   | Reached XP level 12. HP: 76/76 MP: 15/15
  8380 | Lair:2   | 8380 ||| INVOKING Heroism.
  8550 | Lair:2   | 8550 ||| Stepping ~*~*~tactically~*~*~ (stealth).
  8552 | Lair:2   | 8552 ||| Stepping ~*~*~tactically~*~*~ (stealth).
  8557 | Lair:2   | Reached skill level 9 in Armour
  8611 | Lair:2   | Reached *** piety under Okawaru
  8663 | Lair:2   | Reached skill level 10 in Fighting
  8866 | Lair:2   | Reached XP level 13. HP: 81/82 MP: 16/16
  8920 | Lair:2   | 8920 ||| Stepping ~*~*~tactically~*~*~ (stealth).
  9201 | Lair:2   | Found a hole to the Spider Nest.
  9421 | Lair:3   | Found a staircase to the Swamp.
  9447 | Lair:3   | 9447 ||| INVOKING Heroism.
  9497 | Lair:3   | 9497 ||| Stepping ~*~*~tactically~*~*~ (hiding).
  9609 | Lair:3   | 9609 ||| INVOKING Heroism.
  9611 | Lair:3   | 9611 ||| Stepping ~*~*~tactically~*~*~ (stealth).
  9628 | Lair:3   | Received a gift from Okawaru
  9686 | Lair:3   | 9686 ||| INVOKING Heroism.
 10256 | Lair:3   | 10256 ||| READING 2 scrolls labelled ZOURAO OCRID.
 10257 | Lair:3   | 10257 ||| DROPPING scroll of immolation.
 10340 | Lair:4   | 10340 ||| Stepping ~*~*~tactically~*~*~ (stealth).
 10370 | Lair:4   | 10370 ||| INVOKING Heroism.
 10478 | Lair:4   | 10478 ||| Stepping ~*~*~tactically~*~*~ (stealth).
 10480 | Lair:4   | 10480 ||| Stepping ~*~*~tactically~*~*~ (stealth).
 10483 | Lair:4   | 10483 ||| Stepping ~*~*~tactically~*~*~ (stealth).
 10491 | Lair:4   | 10491 ||| INVOKING Heroism.
 10499 | Lair:4   | Reached **** piety under Okawaru
 10540 | Lair:4   | 10540 ||| INVOKING Heroism.
 10542 | Lair:4   | 10542 ||| Stepping ~*~*~tactically~*~*~ (stealth).
 10560 | Lair:4   | 10560 ||| INVOKING Heroism.
 10570 | Lair:4   | Reached skill level 3 in Dodging
 10587 | Lair:4   | 10587 ||| Stepping ~*~*~tactically~*~*~ (stealth).
 10701 | Lair:4   | 10701 ||| INVOKING Heroism.
 10714 | Lair:4   | Received a gift from Okawaru
 10723 | Lair:4   | Reached skill level 6 in Invocations
 10730 | Lair:4   | Reached ***** piety under Okawaru
 10845 | Lair:4   | 10845 ||| INVOKING Heroism.
 11104 | Lair:5   | Entered Level 5 of the Lair of Beasts
 11110 | Lair:5   | 11110 ||| INVOKING Heroism.
 11119 | Lair:5   | Identified the +0 cloak of Puts {Drain Dex+5 SInv Stlth+}
                  | (Okawaru gifted it to you on level 5 of the Lair of Beasts)
 11119 | Lair:5   | Received a gift from Okawaru
 11126 | Lair:5   | Gained mutation: Your large and strong wings let you fly.
                  | [Gargoyle growth]
 11126 | Lair:5   | Reached XP level 14. HP: 71/88 MP: 17/19
 11128 | Lair:5   | Reached skill level 11 in Fighting
 11158 | Lair:5   | 11158 ||| INVOKING Heroism.
 11282 | Lair:5   | 11282 ||| INVOKING Heroism.
 11405 | Lair:5   | Found a glowing golden altar of the Shining One.
 11522 | Lair:5   | Reached skill level 9 in Invocations
 11547 | Lair:5   | 11547 ||| INVOKING Heroism.
 11573 | Lair:5   | Found a staircase to the Slime Pits.
 11626 | Lair:5   | 11626 ||| Stepping ~*~*~tactically~*~*~ (stealth).
 11628 | Lair:5   | 11628 ||| Stepping ~*~*~tactically~*~*~ (stealth).
 11648 | Lair:5   | 11648 ||| Stepping ~*~*~tactically~*~*~ (hiding).
 11656 | Lair:5   | 11656 ||| Stepping ~*~*~tactically~*~*~ (cloud).
 11666 | Lair:5   | 11666 ||| Stepping ~*~*~tactically~*~*~ (stealth).
 11955 | Lair:5   | 11955 ||| Stepping ~*~*~tactically~*~*~ (stealth).
 11967 | Lair:5   | 11967 ||| INVOKING Heroism.
 12017 | Lair:5   | 12017 ||| Stepping ~*~*~tactically~*~*~ (stealth).
 12023 | Lair:5   | 12023 ||| Stepping ~*~*~tactically~*~*~ (hiding).
 12026 | Lair:5   | 12026 ||| INVOKING Heroism.
 12039 | Lair:5   | 12039 ||| Stepping ~*~*~tactically~*~*~ (stealth).
 12078 | Lair:5   | 12078 ||| INVOKING Heroism.
 12119 | Lair:5   | Found a large runed translucent door.
 12119 | Lair:5   | Found a large runed translucent door.
 12146 | Lair:5   | 12146 ||| INVOKING Heroism.
 12146 | Lair:5   | HP: 19/90 [lindwurm/blast of flame (43)]
 12147 | Lair:5   | 12147 ||| READING 6 scrolls of teleportation.
 12148 | Lair:5   | 12148 ||| DRINKING 2 potions of heal wounds.
 12497 | Lair:5   | 12497 ||| PLANNING D:1-11
 12497 | Lair:5   | 12497 ||| UPGRADING to +0 cloak of Puts {Drain Dex+5 SInv
                  | Stlth+}.
 12502 | Lair:5   | 12502 ||| REMOVING ring of see invisible.
 12503 | Lair:5   | 12503 ||| UPGRADING to +6 ring of dexterity.
 12504 | Lair:5   | 12504 ||| UPGRADING to ring of protection from fire.
 12690 | D:10     | Entered Level 10 of the Dungeon
 12916 | D:10     | 12916 ||| Stepping ~*~*~tactically~*~*~ (hiding).
 12917 | D:10     | 12917 ||| Stepping ~*~*~tactically~*~*~ (hiding).
 13150 | D:10     | 13150 ||| Stepping ~*~*~tactically~*~*~ (hiding).
 13151 | D:10     | 13151 ||| Stepping ~*~*~tactically~*~*~ (hiding).
 13153 | D:10     | 13153 ||| Stepping ~*~*~tactically~*~*~ (stealth).
 13156 | D:10     | 13156 ||| Stepping ~*~*~tactically~*~*~ (hiding).
 13157 | D:10     | 13157 ||| Stepping ~*~*~tactically~*~*~ (hiding).
 13350 | D:11     | Received a gift from Okawaru
 13358 | D:11     | 13358 ||| Stepping ~*~*~tactically~*~*~ (stealth).
 13361 | D:11     | 13361 ||| Stepping ~*~*~tactically~*~*~ (stealth).
 13370 | D:11     | 13370 ||| INVOKING Heroism.
 13571 | D:11     | 13571 ||| FLEEEEING.
 13572 | D:11     | 13572 ||| FLEEEEING.
 13627 | D:11     | Reached skill level 15 in Axes
 13693 | D:11     | 13693 ||| Stepping ~*~*~tactically~*~*~ (stealth).
 13721 | D:11     | 13721 ||| Stepping ~*~*~tactically~*~*~ (stealth).
 13722 | D:11     | 13722 ||| Stepping ~*~*~tactically~*~*~ (stealth).
 13790 | D:11     | Noticed Lodul
 13812 | D:11     | Killed Lodul
 14006 | D:11     | 14006 ||| PLANNING D
 14006 | D:11     | 14006 ||| UPGRADING to +2 buckler.
 14016 | D:11     | 14016 ||| DROPPING +0 buckler.
 14017 | D:11     | 14017 ||| DROPPING amulet of guardian spirit.
 14018 | D:11     | 14018 ||| UPGRADING to amulet of regeneration.
 14023 | D:11     | 14023 ||| READING scroll labelled FUTWIX WUASAH.
 14160 | D:12     | Found a frozen archway.
 14173 | D:12     | 14173 ||| INVOKING Heroism.
 14442 | D:12     | Noticed Jorgrun
 14443 | D:12     | 14443 ||| INVOKING Heroism.
 14444 | D:12     | 14444 ||| INVOKING Finesse.
 14460 | D:12     | Killed Jorgrun
 14554 | D:12     | 14554 ||| Stepping ~*~*~tactically~*~*~ (hiding).
 14695 | D:12     | Identified the +7 mace "Ujytha" {pain, *Rage rN++ Will+
                  | SInv}
 14727 | D:12     | 14727 ||| Stepping ~*~*~tactically~*~*~ (stealth).
 14776 | D:12     | Identified the +0 cloak of Okawaru's Generosity {Str+3}
                  | (Okawaru gifted it to you on level 12 of the Dungeon)
 14776 | D:12     | Received a gift from Okawaru
 14777 | D:12     | Reached XP level 15. HP: 96/96 MP: 22/22
 15011 | D:13     | 15011 ||| Stepping ~*~*~tactically~*~*~ (stealth).
 15092 | D:13     | Noticed Ined's ghost (journeyman MiBe)
 15093 | D:13     | Found a transporter.
 15093 | D:13     | Found a transporter.
 15139 | D:13     | 15139 ||| Stepping ~*~*~tactically~*~*~ (hiding).
 15141 | D:13     | 15141 ||| Stepping ~*~*~tactically~*~*~ (hiding).
 15176 | D:13     | 15176 ||| Stepping ~*~*~tactically~*~*~ (stealth).
 15185 | D:13     | Reached skill level 12 in Fighting
 15193 | D:13     | 15193 ||| Stepping ~*~*~tactically~*~*~ (stealth).
 15199 | D:13     | 15199 ||| Stepping ~*~*~tactically~*~*~ (hiding).
 15200 | D:13     | 15200 ||| Stepping ~*~*~tactically~*~*~ (hiding).
 15214 | D:13     | 15214 ||| FLEEEEING.
 15221 | D:13     | Found a gate to the Vaults.
 15232 | D:13     | 15232 ||| Stepping ~*~*~tactically~*~*~ (hiding).
 15253 | D:13     | 15253 ||| READING scroll of enchant weapon.
 15253 | D:13     | 15253 ||| ENCHANTING +0 war axe of flaming.
 15325 | D:13     | Found Ojereres's Distillery.
 15328 | D:13     | 15328 ||| BUYING potion of attraction (42 gold).
 15328 | D:13     | Bought a potion of attraction for 42 gold pieces
 15328 | D:13     | 15328 ||| BUYING potion of curing (42 gold).
 15328 | D:13     | Bought a potion of curing for 42 gold pieces
 15328 | D:13     | 15328 ||| BUYING potion of curing (42 gold).
 15328 | D:13     | Bought a potion of curing for 42 gold pieces
 15328 | D:13     | 15328 ||| BUYING potion of curing (42 gold).
 15328 | D:13     | Bought a potion of curing for 42 gold pieces
 15328 | D:13     | 15328 ||| BUYING potion of magic (112 gold).
 15328 | D:13     | Bought a potion of magic for 112 gold pieces
 15328 | D:13     | 15328 ||| BUYING potion of mutation (112 gold).
 15328 | D:13     | Bought a potion of mutation for 112 gold pieces
 15392 | D:13     | 15392 ||| Stepping ~*~*~tactically~*~*~ (hiding).
 15428 | D:13     | 15428 ||| Stepping ~*~*~tactically~*~*~ (stealth).
 15551 | D:13     | Found a broken altar of Ashenzari.
 15800 | D:13     | 15800 ||| READING 2 scrolls labelled INLADGH HOVYFF.
 15901 | D:13     | 15901 ||| DROPPING scroll of silence.
 16055 | D:14     | 16055 ||| INVOKING Heroism.
 16150 | D:14     | 16150 ||| Stepping ~*~*~tactically~*~*~ (hiding).
 16151 | D:14     | 16151 ||| INVOKING Heroism.
 16321 | D:14     | Identified the +2 pair of boots of the Dropbear {+Blink
                  | rElec rPois Dex-3}
 16334 | D:14     | 16334 ||| INVOKING Heroism.
 16335 | D:14     | 16335 ||| Stepping ~*~*~tactically~*~*~ (hiding).
 16336 | D:14     | 16336 ||| INVOKING Finesse.
 16493 | D:14     | 16493 ||| READING scroll of enchant weapon.
 16493 | D:14     | 16493 ||| ENCHANTING +1 war axe of flaming.
 16581 | D:14     | Received a gift from Okawaru
 16582 | D:14     | Reached skill level 12 in Armour
 16625 | D:14     | Identified the +10 trident of Ravage {venom, Drain rElec
                  | MP+9 Str-5}
 16769 | D:14     | 16769 ||| INVOKING Heroism.
 16953 | D:14     | 16953 ||| UPGRADING to +2 pair of boots of the Dropbear
                  | {+Blink rElec rPois Dex-3}.
 16963 | D:14     | 16963 ||| DROPPING +0 pair of boots.
 16964 | D:14     | 16964 ||| DROPPING +1 hat.
 16965 | D:14     | 16965 ||| UPGRADING to +0 kite shield.
 16975 | D:14     | 16975 ||| DROPPING +2 buckler.
 16976 | D:14     | 16976 ||| READING scroll labelled SEAWAN SIDONLY.
 17033 | D:14     | 17033 ||| Stepping ~*~*~tactically~*~*~ (stealth).
 17039 | D:14     | 17039 ||| Stepping ~*~*~tactically~*~*~ (hiding).
 17057 | D:14     | 17057 ||| DRINKING 11 potions of curing.
 17057 | D:14     | 17057 ||| (to cure confusion)
 17073 | D:14     | 17073 ||| DROPPING +0 broad axe.
 17088 | D:15     | Entered Level 15 of the Dungeon
 17187 | D:15     | 17187 ||| INVOKING Heroism.
 17223 | D:15     | Reached skill level 12 in Shields
 17277 | D:15     | 17277 ||| Stepping ~*~*~tactically~*~*~ (hiding).
 17297 | D:15     | Found an ornate altar of the Wu Jian Council.
 17346 | D:15     | 17346 ||| INVOKING Heroism.
 17395 | D:15     | 17395 ||| Stepping ~*~*~tactically~*~*~ (stealth).
 17405 | D:15     | 17405 ||| Stepping ~*~*~tactically~*~*~ (stealth).
 17426 | D:15     | 17426 ||| INVOKING Heroism.
 17448 | D:15     | Found a staircase to the Depths.
 17507 | D:15     | Identified the +10 chain mail of the Okapi {Contam rCorr
                  | Int+2 Dex+3} (Okawaru gifted it to you on level 15 of the
                  | Dungeon)
 17507 | D:15     | Received a gift from Okawaru
 17542 | D:15     | 17542 ||| Stepping ~*~*~tactically~*~*~ (hiding).
 17666 | D:15     | Reached skill level 6 in Throwing
 17679 | D:15     | 17679 ||| INVOKING Heroism.
 17685 | D:15     | Paralysed by an orc sorcerer for 2 turns
 17689 | D:15     | Reached XP level 16. HP: 69/101 MP: 21/23
 17718 | D:15     | 17718 ||| DROPPING +0 club.
 17737 | D:15     | Found a runed translucent gate.
 17737 | D:15     | Found a runed translucent gate.
 17739 | D:15     | Found a runed translucent gate.
 17741 | D:15     | Found an opulent altar of Gozag.
 17744 | D:15     | Noticed qw's ghost (journeyman GrFi)
 17883 | D:15     | 17883 ||| PLANNING ORC
 17883 | D:15     | 17883 ||| DROPPING +1 helmet of intelligence.
 17978 | Orc:1    | Entered Level 1 of the Orcish Mines
 17980 | Orc:1    | 17980 ||| Stepping ~*~*~tactically~*~*~ (hiding).
 17984 | Orc:1    | 17984 ||| INVOKING Heroism.
 18015 | Orc:1    | Found Xucrakey's Distillery.
 18107 | Orc:1    | 18107 ||| DROPPING +0 mace.
 18174 | Orc:1    | 18174 ||| BUYING potion of cancellation (120 gold).
 18174 | Orc:1    | Bought a potion of cancellation for 120 gold pieces
 18174 | Orc:1    | 18174 ||| BUYING potion of cancellation (120 gold).
 18174 | Orc:1    | Bought a potion of cancellation for 120 gold pieces
 18174 | Orc:1    | 18174 ||| BUYING potion of curing (45 gold).
 18174 | Orc:1    | Bought a potion of curing for 45 gold pieces
 18174 | Orc:1    | 18174 ||| BUYING potion of heal wounds (75 gold).
 18174 | Orc:1    | Bought a potion of heal wounds for 75 gold pieces
 18174 | Orc:1    | 18174 ||| BUYING potion of lignification (45 gold).
 18174 | Orc:1    | Bought a potion of lignification for 45 gold pieces
 18174 | Orc:1    | 18174 ||| BUYING potion of lignification (45 gold).
 18174 | Orc:1    | Bought a potion of lignification for 45 gold pieces
 18174 | Orc:1    | 18174 ||| BUYING potion of magic (120 gold).
 18174 | Orc:1    | Bought a potion of magic for 120 gold pieces
 18174 | Orc:1    | 18174 ||| BUYING potion of magic (120 gold).
 18174 | Orc:1    | Bought a potion of magic for 120 gold pieces
 18174 | Orc:1    | 18174 ||| BUYING potion of might (60 gold).
 18174 | Orc:1    | Bought a potion of might for 60 gold pieces
 18326 | Orc:2    | Entered Level 2 of the Orcish Mines
 18326 | Orc:2    | Found a staircase to the Elven Halls.
 18347 | Orc:2    | 18347 ||| INVOKING Heroism.
 18369 | Orc:2    | Reached skill level 13 in Fighting
 18454 | Orc:2    | Found Riantih's Antique Weapon Boutique.
 18459 | Orc:2    | 18459 ||| Stepping ~*~*~tactically~*~*~ (stealth).
 18461 | Orc:2    | Found Merphi's General Store.
 18461 | Orc:2    | Found Viurys's Assorted Antiques.
 18466 | Orc:2    | 18466 ||| BUYING glowing morningstar (210 gold).
 18466 | Orc:2    | Bought a glowing morningstar for 210 gold pieces
 18469 | Orc:2    | Found Buicaune's Antique Armour Shop.
 18476 | Orc:2    | 18476 ||| BUYING long ivory wand (128 gold).
 18476 | Orc:2    | Bought a long ivory wand for 128 gold pieces
 18476 | Orc:2    | 18476 ||| BUYING morningstar (128 gold).
 18476 | Orc:2    | Bought a morningstar for 128 gold pieces
 18476 | Orc:2    | 18476 ||| BUYING potion of attraction (96 gold).
 18476 | Orc:2    | Bought a potion of attraction for 96 gold pieces
 18476 | Orc:2    | 18476 ||| DROPPING +0 flail.
 18484 | Orc:2    | Found Reonis's Armour Boutique.
 18498 | Orc:2    | 18498 ||| SHOPLISTING +6 ring of strength (576 gold, have
                  | 561).
 18517 | Orc:2    | 18517 ||| BUYING runed tower shield (157 gold).
 18517 | Orc:2    | Bought a runed tower shield for 157 gold pieces
 18522 | Orc:2    | Found Juozxuchy's Jewellery Shoppe.
 18527 | Orc:2    | 18527 ||| SHOPLISTING amulet of reflection (510 gold, have
                  | 404).
 18527 | Orc:2    | 18527 ||| SHOPLISTING ring of fire (425 gold, have 404).
 18527 | Orc:2    | 18527 ||| SHOPLISTING ring of protection from cold (425
                  | gold, have 404).
 18539 | Orc:2    | 18539 ||| UPGRADING to +1 tower shield of cold resistance.
 18549 | Orc:2    | 18549 ||| DROPPING +0 kite shield.
 18610 | Orc:2    | Found Wyahaw's Armour Boutique.
 18624 | Orc:2    | 18624 ||| BUYING +0 pair of gloves (63 gold).
 18624 | Orc:2    | Bought a +0 pair of gloves for 63 gold pieces
 18727 | Orc:2    | 18727 ||| UPGRADING to +0 pair of gloves.
 18747 | Orc:1    | 18747 ||| DRINKING 11 potions of curing.
 18747 | Orc:1    | 18747 ||| (to cure confusion)
 18859 | Orc:2    | 18859 ||| INVOKING Heroism.
 18860 | Orc:2    | 18860 ||| INVOKING Finesse.
 18910 | Orc:2    | 18910 ||| DRINKING 10 potions of curing.
 18910 | Orc:2    | 18910 ||| (to cure confusion)
 18947 | Orc:2    | Found a shimmering blue altar of Sif Muna.
 19044 | Orc:2    | 19044 ||| PLANNING SWAMP:1-3
 19187 | Swamp:1  | Entered Level 1 of the Swamp
 19278 | Swamp:1  | 19278 ||| INVOKING Heroism.
 19279 | Swamp:1  | 19279 ||| INVOKING Finesse.
 19282 | Swamp:1  | 19282 ||| SWAPPING to +0 antimagic morningstar.
 19286 | Swamp:1  | 19286 ||| SWAPPING to +2 vampiric war axe.
 19394 | Swamp:1  | 19394 ||| Stepping ~*~*~tactically~*~*~ (hiding).
 19396 | Swamp:1  | 19396 ||| INVOKING Heroism.
 19424 | Swamp:1  | 19424 ||| INVOKING Heroism.
 19436 | Swamp:1  | Received a gift from Okawaru
 19439 | Swamp:1  | Noticed a tentacled monstrosity
 19440 | Swamp:1  | 19440 ||| INVOKING Finesse.
 19460 | Swamp:1  | Killed a tentacled monstrosity
 19460 | Swamp:1  | Received a gift from Okawaru
 19632 | Swamp:1  | 19632 ||| Stepping ~*~*~tactically~*~*~ (stealth).
 19634 | Swamp:1  | 19634 ||| Stepping ~*~*~tactically~*~*~ (hiding).
 19636 | Swamp:1  | 19636 ||| Stepping ~*~*~tactically~*~*~ (hiding).
 19779 | Swamp:1  | 19779 ||| INVOKING Heroism.
 19780 | Swamp:1  | 19780 ||| INVOKING Finesse.
 19781 | Swamp:1  | 19781 ||| SWAPPING to +0 antimagic morningstar.
 19788 | Swamp:1  | 19788 ||| SWAPPING to +2 vampiric war axe.
 20195 | Swamp:2  | 20195 ||| INVOKING Heroism.
 20217 | Swamp:2  | 20217 ||| Stepping ~*~*~tactically~*~*~ (stealth).
 20229 | Swamp:2  | 20229 ||| Stepping ~*~*~tactically~*~*~ (stealth).
 20237 | Swamp:2  | Reached skill level 15 in Shields
 20356 | Swamp:2  | 20356 ||| INVOKING Heroism.
 20360 | Swamp:2  | 20360 ||| SWAPPING to +0 antimagic morningstar.
 20365 | Swamp:2  | 20365 ||| SWAPPING to +2 vampiric war axe.
 20516 | Swamp:2  | 20516 ||| Stepping ~*~*~tactically~*~*~ (hiding).
 20519 | Swamp:2  | 20519 ||| Stepping ~*~*~tactically~*~*~ (hiding).
 20520 | Swamp:2  | 20520 ||| Stepping ~*~*~tactically~*~*~ (hiding).
 20536 | Swamp:2  | 20536 ||| Stepping ~*~*~tactically~*~*~ (cloud).
 20605 | Swamp:2  | Noticed Aizul
 20607 | Swamp:2  | 20607 ||| INVOKING Heroism.
 20645 | Swamp:2  | Killed Aizul
 20668 | Swamp:2  | 20668 ||| Stepping ~*~*~tactically~*~*~ (hiding).
 20669 | Swamp:2  | 20669 ||| Stepping ~*~*~tactically~*~*~ (hiding).
 20804 | Swamp:2  | 20804 ||| INVOKING Heroism.
 21123 | Swamp:2  | 21123 ||| UPGRADING to +2 pair of boots.
 21133 | Swamp:2  | 21133 ||| DROPPING +2 pair of boots of the Dropbear {+Blink
                  | rElec rPois Dex-3}.
 21172 | Swamp:3  | 21172 ||| Stepping ~*~*~tactically~*~*~ (stealth).
 21183 | Swamp:3  | Reached XP level 17. HP: 80/108 MP: 24/24
 21223 | Swamp:3  | 21223 ||| Stepping ~*~*~tactically~*~*~ (hiding).
 21227 | Swamp:3  | 21227 ||| INVOKING Heroism.
 21263 | Swamp:3  | Received a gift from Okawaru
 21265 | Swamp:3  | 21265 ||| SWAPPING to +0 antimagic morningstar.
 21269 | Swamp:3  | 21269 ||| INVOKING Heroism.
 21269 | Swamp:3  | Paralysed by a fenstrider witch for 3 turns
 21272 | Swamp:3  | HP: 21/108 [five-headed hydra[a spriggan druid] (7)]
 21273 | Swamp:3  | 21273 ||| READING 6 scrolls of teleportation.
 21273 | Swamp:3  | HP: 3/108 [five-headed hydra[a spriggan druid] (17)]
 21274 | Swamp:3  | 21274 ||| DRINKING 2 potions of heal wounds.
 21275 | Swamp:3  | 21275 ||| DRINKING potion of heal wounds.
 21276 | Swamp:3  | Paralysed by a fenstrider witch for 2 turns
 21279 | Swamp:3  | 21279 ||| SWAPPING to +2 vampiric war axe.
 21295 | Swamp:3  | 21295 ||| INVOKING Heroism.
 21303 | Swamp:3  | 21303 ||| SWAPPING to +0 antimagic morningstar.
 21321 | Swamp:3  | 21321 ||| SWAPPING to +2 vampiric war axe.
 21331 | Swamp:3  | 21331 ||| Stepping ~*~*~tactically~*~*~ (stealth).
 21332 | Swamp:3  | 21332 ||| Stepping ~*~*~tactically~*~*~ (stealth).
 21337 | Swamp:3  | 21337 ||| FLEEEEING.
 21340 | Swamp:3  | 21340 ||| FLEEEEING.
 21341 | Swamp:3  | 21341 ||| STAIRDANCE
 21405 | Swamp:2  | 21405 ||| READING scroll labelled UGERIT CUN FOE.
 21431 | Swamp:3  | Received a gift from Okawaru
 21561 | Swamp:3  | Found an ancient bone altar of Kikubaaqudgha.
 21567 | Swamp:3  | 21567 ||| Stepping ~*~*~tactically~*~*~ (hiding).
 21570 | Swamp:3  | 21570 ||| INVOKING Heroism.
 21680 | Swamp:3  | 21680 ||| DROPPING +1 pair of boots.
 21690 | Swamp:2  | 21690 ||| INVOKING Heroism.
 21723 | Swamp:2  | 21723 ||| Stepping ~*~*~tactically~*~*~ (stealth).
 21725 | Swamp:2  | 21725 ||| INVOKING Heroism.
 21733 | Swamp:2  | Received a gift from Okawaru
 21743 | Swamp:2  | 21743 ||| Stepping ~*~*~tactically~*~*~ (hiding).
 21745 | Swamp:2  | 21745 ||| Stepping ~*~*~tactically~*~*~ (hiding).
 21764 | Swamp:2  | Received a gift from Okawaru
 21766 | Swamp:2  | 21766 ||| INVOKING Heroism.
 21857 | Swamp:3  | 21857 ||| Stepping ~*~*~tactically~*~*~ (hiding).
 21860 | Swamp:3  | 21860 ||| INVOKING Heroism.
 21927 | Swamp:3  | 21927 ||| PLANNING SPIDER:1-3
 22034 | Spider:1 | Entered Level 1 of the Spider Nest
 22188 | Spider:1 | 22188 ||| INVOKING Heroism.
 22239 | Spider:1 | 22239 ||| INVOKING Heroism.
 22273 | Spider:1 | 22273 ||| INVOKING Heroism.
 22281 | Spider:1 | HP: 27/108 [demonic crawler (9)]
 22282 | Spider:1 | 22282 ||| READING 5 scrolls of teleportation.
 22373 | Spider:1 | 22373 ||| INVOKING Heroism.
 22375 | Spider:1 | Received a gift from Okawaru
 22416 | Spider:1 | 22416 ||| Stepping ~*~*~tactically~*~*~ (stealth).
 22433 | Spider:1 | 22433 ||| INVOKING Heroism.
 22534 | Spider:1 | 22534 ||| Stepping ~*~*~tactically~*~*~ (stealth).
 22660 | Spider:1 | 22660 ||| Stepping ~*~*~tactically~*~*~ (hiding).
 22726 | Spider:1 | 22726 ||| INVOKING Heroism.
 22736 | Spider:1 | 22736 ||| Stepping ~*~*~tactically~*~*~ (hiding).
 22908 | Spider:1 | 22908 ||| Stepping ~*~*~tactically~*~*~ (stealth).
 22933 | Spider:1 | 22933 ||| Stepping ~*~*~tactically~*~*~ (stealth).
 22934 | Spider:1 | 22934 ||| Stepping ~*~*~tactically~*~*~ (stealth).
 22935 | Spider:1 | 22935 ||| Stepping ~*~*~tactically~*~*~ (stealth).
 22936 | Spider:1 | 22936 ||| Stepping ~*~*~tactically~*~*~ (stealth).
 22948 | Spider:1 | Received a gift from Okawaru
 23556 | Spider:2 | 23556 ||| INVOKING Heroism.
 23577 | Spider:2 | Reached skill level 14 in Fighting
 23625 | Spider:2 | Reached skill level 18 in Shields
 23640 | Spider:2 | 23640 ||| READING scroll of enchant weapon.
 23640 | Spider:2 | 23640 ||| ENCHANTING +2 vampiric war axe.
 23730 | Spider:2 | 23730 ||| Stepping ~*~*~tactically~*~*~ (stealth).
 23731 | Spider:2 | 23731 ||| Stepping ~*~*~tactically~*~*~ (stealth).
 23733 | Spider:2 | 23733 ||| Stepping ~*~*~tactically~*~*~ (stealth).
 23741 | Spider:2 | 23741 ||| INVOKING Heroism.
 23789 | Spider:2 | 23789 ||| Stepping ~*~*~tactically~*~*~ (stealth).
 23849 | Spider:2 | 23849 ||| Stepping ~*~*~tactically~*~*~ (hiding).
 24140 | Spider:2 | 24140 ||| Stepping ~*~*~tactically~*~*~ (stealth).
 24217 | Spider:2 | Reached XP level 18. HP: 114/116 MP: 3/25
 24228 | Spider:2 | 24228 ||| INVOKING Heroism.
 24351 | Spider:2 | 24351 ||| DROPPING +0 antimagic morningstar.
 24352 | Spider:2 | 24352 ||| DROPPING +0 morningstar.
 24528 | Spider:2 | 24528 ||| INVOKING Heroism.
 24618 | Spider:2 | 24618 ||| Stepping ~*~*~tactically~*~*~ (stealth).
 25025 | Spider:2 | 25025 ||| DROPPING scarf of shadows.
 25072 | Spider:3 | 25072 ||| STAIRDANCE
 25087 | Spider:3 | 25087 ||| STAIRDANCE
 25101 | Spider:3 | 25101 ||| STAIRDANCE
 25187 | Spider:3 | 25187 ||| Stepping ~*~*~tactically~*~*~ (hiding).
 25210 | Spider:3 | 25210 ||| INVOKING Heroism.
 25218 | Spider:3 | 25218 ||| Stepping ~*~*~tactically~*~*~ (stealth).
 25273 | Spider:3 | 25273 ||| Stepping ~*~*~tactically~*~*~ (stealth).
 25278 | Spider:3 | 25278 ||| INVOKING Heroism.
 25331 | Spider:3 | Reached skill level 6 in Dodging
 25447 | Spider:3 | 25447 ||| Stepping ~*~*~tactically~*~*~ (hiding).
 25450 | Spider:3 | 25450 ||| INVOKING Finesse.
 25560 | Spider:3 | 25560 ||| Stepping ~*~*~tactically~*~*~ (stealth).
 25576 | Spider:3 | 25576 ||| INVOKING Heroism.
 25577 | Spider:3 | 25577 ||| Stepping ~*~*~tactically~*~*~ (hiding).
 25599 | Spider:3 | 25599 ||| INVOKING Finesse.
 25685 | Spider:3 | 25685 ||| Stepping ~*~*~tactically~*~*~ (stealth).
 25686 | Spider:3 | 25686 ||| Stepping ~*~*~tactically~*~*~ (stealth).
 25697 | Spider:3 | Received a gift from Okawaru
 25871 | Spider:3 | 25871 ||| PLANNING SWAMP:4
 26028 | Swamp:4  | Entered Level 4 of the Swamp
 26056 | Swamp:4  | Reached skill level 15 in Fighting
 26085 | Swamp:4  | 26085 ||| INVOKING Heroism.
 26237 | Swamp:4  | 26237 ||| Stepping ~*~*~tactically~*~*~ (stealth).
 26272 | Swamp:4  | 26272 ||| Stepping ~*~*~tactically~*~*~ (stealth).
 26274 | Swamp:4  | 26274 ||| Stepping ~*~*~tactically~*~*~ (stealth).
 26309 | Swamp:4  | 26309 ||| Stepping ~*~*~tactically~*~*~ (hiding).
 26311 | Swamp:4  | 26311 ||| INVOKING Heroism.
 26343 | Swamp:4  | Received a gift from Okawaru
 26361 | Swamp:4  | 26361 ||| Stepping ~*~*~tactically~*~*~ (stealth).
 26362 | Swamp:4  | 26362 ||| Stepping ~*~*~tactically~*~*~ (stealth).
 26363 | Swamp:4  | 26363 ||| Stepping ~*~*~tactically~*~*~ (stealth).
 26364 | Swamp:4  | 26364 ||| INVOKING Heroism.
 26366 | Swamp:4  | 26366 ||| Stepping ~*~*~tactically~*~*~ (stealth).
 26393 | Swamp:4  | 26393 ||| INVOKING Heroism.
 26397 | Swamp:4  | Reached skill level 15 in Armour
 26445 | Swamp:4  | 26445 ||| Stepping ~*~*~tactically~*~*~ (stealth).
 26461 | Swamp:4  | 26461 ||| INVOKING Heroism.
 26527 | Swamp:4  | Got a decaying rune of Zot
 26541 | Swamp:4  | 26541 ||| Stepping ~*~*~tactically~*~*~ (hiding).
 26545 | Swamp:4  | 26545 ||| INVOKING Heroism.
 26585 | Swamp:4  | 26585 ||| INVOKING Heroism.
 26907 | Swamp:4  | 26907 ||| PLANNING VAULTS:1-4
 27163 | Vaults:1 | Entered Level 1 of the Vaults
 27187 | Vaults:1 | a formless jellyfish changed into a quicksilver dragon
 27187 | Vaults:1 | Noticed a quicksilver dragon (glowing shapeshifter)
 27188 | Vaults:1 | a quicksilver dragon changed into an eleionoma
 27249 | Vaults:1 | Received a gift from Okawaru
 27436 | Vaults:1 | Reached skill level 9 in Throwing
 27588 | Vaults:1 | Identified the +0 halberd of Fury {flame, rF+ rC- SInv}
 27666 | Vaults:1 | 27666 ||| Stepping ~*~*~tactically~*~*~ (hiding).
 27720 | Vaults:1 | 27720 ||| Stepping ~*~*~tactically~*~*~ (hiding).
 27736 | Vaults:1 | Reached XP level 19. HP: 120/124 MP: 26/26
 27792 | Vaults:1 | 27792 ||| FLEEEEING.
 27804 | Vaults:1 | 27804 ||| FLEEEEING.
 27805 | Vaults:1 | 27805 ||| FLEEEEING.
 27806 | Vaults:1 | 27806 ||| FLEEEEING.
 27807 | Vaults:1 | 27807 ||| FLEEEEING.
 27808 | Vaults:1 | 27808 ||| FLEEEEING.
 27809 | Vaults:1 | 27809 ||| FLEEEEING.
 27810 | Vaults:1 | 27810 ||| FLEEEEING.
 27811 | Vaults:1 | 27811 ||| FLEEEEING.
 27812 | Vaults:1 | 27812 ||| FLEEEEING.
 27813 | Vaults:1 | 27813 ||| FLEEEEING.
 27814 | Vaults:1 | 27814 ||| FLEEEEING.
 27815 | Vaults:1 | 27815 ||| FLEEEEING.
 27820 | Vaults:1 | 27820 ||| FLEEEEING.
 27832 | Vaults:1 | 27832 ||| FLEEEEING.
 27833 | Vaults:1 | 27833 ||| FLEEEEING.
 27834 | Vaults:1 | 27834 ||| FLEEEEING.
 27835 | Vaults:1 | 27835 ||| STAIRDANCE
 27937 | D:13     | 27937 ||| UPGRADING to +2 pair of gloves.
 27947 | D:13     | 27947 ||| DROPPING +0 pair of gloves.
 27984 | Vaults:1 | Found a runed translucent door.
 28064 | Vaults:1 | 28064 ||| Stepping ~*~*~tactically~*~*~ (hiding).
 28068 | Vaults:1 | 28068 ||| Stepping ~*~*~tactically~*~*~ (hiding).
 28199 | Vaults:1 | 28199 ||| Stepping ~*~*~tactically~*~*~ (hiding).
 28223 | Vaults:1 | Received a gift from Okawaru
 28231 | Vaults:1 | 28231 ||| Stepping ~*~*~tactically~*~*~ (hiding).
 28242 | Vaults:1 | 28242 ||| DRINKING 12 potions of curing.
 28242 | Vaults:1 | 28242 ||| (to cure confusion)
 28319 | Vaults:1 | 28319 ||| Stepping ~*~*~tactically~*~*~ (stealth).
 28346 | Vaults:1 | 28346 ||| Stepping ~*~*~tactically~*~*~ (hiding).
 28356 | Vaults:1 | Reached skill level 16 in Fighting
 28386 | Vaults:1 | 28386 ||| INVOKING Heroism.
 28549 | Vaults:1 | 28549 ||| READING scroll of enchant weapon.
 28549 | Vaults:1 | 28549 ||| ENCHANTING +3 vampiric war axe.
 28835 | Vaults:1 | Noticed qw's ghost (adept DEHu)
 28904 | Vaults:2 | Paralysed by a great orb of eyes for 4 turns
 28980 | Vaults:2 | Received a gift from Okawaru
 28982 | Vaults:2 | 28982 ||| DROPPING +1 war axe of venom.
 29052 | Vaults:2 | 29052 ||| Stepping ~*~*~tactically~*~*~ (hiding).
 29078 | Vaults:2 | 29078 ||| FLEEEEING.
 29079 | Vaults:2 | 29079 ||| FLEEEEING.
 29080 | Vaults:2 | 29080 ||| FLEEEEING.
 29081 | Vaults:2 | 29081 ||| FLEEEEING.
 29082 | Vaults:2 | 29082 ||| Stepping ~*~*~tactically~*~*~ (hiding).
 29117 | Vaults:2 | 29117 ||| Stepping ~*~*~tactically~*~*~ (hiding).
 29155 | Vaults:2 | 29155 ||| Stepping ~*~*~tactically~*~*~ (stealth).
 29196 | Vaults:2 | 29196 ||| Stepping ~*~*~tactically~*~*~ (hiding).
 29252 | Vaults:2 | 29252 ||| INVOKING Heroism.
 29253 | Vaults:2 | 29253 ||| INVOKING Finesse.
 29255 | Vaults:2 | 29255 ||| Stepping ~*~*~tactically~*~*~ (hiding).
 29256 | Vaults:2 | 29256 ||| Stepping ~*~*~tactically~*~*~ (hiding).
 29340 | Vaults:2 | 29340 ||| Stepping ~*~*~tactically~*~*~ (hiding).
 29393 | Vaults:2 | 29393 ||| INVOKING Heroism.
 29404 | Vaults:2 | Identified the +6 spear "Omeicemnay" {elec, rPois Will-
                  | SInv}
 29446 | Vaults:2 | 29446 ||| INVOKING Heroism.
 29677 | Vaults:2 | 29677 ||| Stepping ~*~*~tactically~*~*~ (hiding).
 29930 | Vaults:2 | 29930 ||| Stepping ~*~*~tactically~*~*~ (stealth).
 30047 | Vaults:2 | Found a staircase to the Crypt.
 30061 | Vaults:2 | 30061 ||| INVOKING Heroism.
 30083 | Vaults:2 | Received a gift from Okawaru
 30470 | Vaults:3 | 30470 ||| Stepping ~*~*~tactically~*~*~ (hiding).
 30474 | Vaults:3 | 30474 ||| DRINKING 11 potions of curing.
 30474 | Vaults:3 | 30474 ||| (to cure confusion)
 30476 | Vaults:3 | 30476 ||| DRINKING 10 potions of curing.
 30476 | Vaults:3 | 30476 ||| (to cure confusion)
 30582 | Vaults:3 | Noticed a tentacled monstrosity
 30583 | Vaults:3 | 30583 ||| INVOKING Heroism.
 30597 | Vaults:3 | Killed a tentacled monstrosity
 30677 | Vaults:3 | 30677 ||| DRINKING 3 potions of cancellation.
 30682 | Vaults:3 | Received a gift from Okawaru
 30831 | Vaults:3 | 30831 ||| Stepping ~*~*~tactically~*~*~ (hiding).
 30832 | Vaults:3 | 30832 ||| Stepping ~*~*~tactically~*~*~ (hiding).
 30833 | Vaults:3 | 30833 ||| Stepping ~*~*~tactically~*~*~ (hiding).
 30834 | Vaults:3 | 30834 ||| Stepping ~*~*~tactically~*~*~ (hiding).
 30835 | Vaults:3 | 30835 ||| Stepping ~*~*~tactically~*~*~ (hiding).
 30846 | Vaults:3 | Reached skill level 17 in Fighting
 30871 | Vaults:3 | 30871 ||| FLEEEEING.
 30872 | Vaults:3 | 30872 ||| FLEEEEING.
 30968 | Vaults:3 | Received a gift from Okawaru
 31008 | Vaults:3 | 31008 ||| INVOKING Heroism.
 31012 | Vaults:3 | Received a gift from Okawaru
 31023 | Vaults:3 | Paralysed by a sphinx for 2 turns
 31033 | Vaults:3 | Paralysed by a sphinx for 2 turns
 31035 | Vaults:3 | 31035 ||| DRINKING 9 potions of curing.
 31035 | Vaults:3 | 31035 ||| (to cure confusion)
 31035 | Vaults:3 | HP: 30/128 [deep troll[an ironbound preserver] (10)]
 31036 | Vaults:3 | 31036 ||| READING 7 scrolls of teleportation.
 31037 | Vaults:3 | 31037 ||| DRINKING 2 potions of heal wounds.
 31157 | Vaults:3 | 31157 ||| Stepping ~*~*~tactically~*~*~ (hiding).
 31158 | Vaults:3 | 31158 ||| Stepping ~*~*~tactically~*~*~ (hiding).
 31159 | Vaults:3 | 31159 ||| Stepping ~*~*~tactically~*~*~ (hiding).
 31160 | Vaults:3 | 31160 ||| Stepping ~*~*~tactically~*~*~ (hiding).
 31208 | Vaults:3 | Noticed Zenata
 31209 | Vaults:3 | 31209 ||| Stepping ~*~*~tactically~*~*~ (hiding).
 31210 | Vaults:3 | 31210 ||| Stepping ~*~*~tactically~*~*~ (hiding).
 31215 | Vaults:3 | 31215 ||| INVOKING Heroism.
 31233 | Vaults:3 | Killed Zenata
 31298 | Vaults:3 | Reached XP level 20. HP: 134/134 MP: 27/27
 31682 | Vaults:3 | Received a gift from Okawaru
 31694 | Vaults:3 | 31694 ||| Stepping ~*~*~tactically~*~*~ (stealth).
 31734 | Vaults:3 | 31734 ||| Stepping ~*~*~tactically~*~*~ (hiding).
 31991 | Vaults:3 | 31991 ||| FLEEEEING.
 31992 | Vaults:3 | 31992 ||| FLEEEEING.
 31993 | Vaults:3 | 31993 ||| FLEEEEING.
 31994 | Vaults:3 | 31994 ||| FLEEEEING.
 31995 | Vaults:3 | 31995 ||| FLEEEEING.
 31996 | Vaults:3 | 31996 ||| FLEEEEING.
 31997 | Vaults:3 | 31997 ||| FLEEEEING.
 31998 | Vaults:3 | 31998 ||| FLEEEEING.
 31999 | Vaults:3 | 31999 ||| FLEEEEING.
 32005 | Vaults:3 | 32005 ||| FLEEEEING.
 32006 | Vaults:3 | 32006 ||| FLEEEEING.
 32007 | Vaults:3 | 32007 ||| FLEEEEING.
 32008 | Vaults:3 | 32008 ||| FLEEEEING.
 32009 | Vaults:3 | 32009 ||| FLEEEEING.
 32010 | Vaults:3 | 32010 ||| FLEEEEING.
 32011 | Vaults:3 | 32011 ||| STAIRDANCE
 32115 | Vaults:3 | 32115 ||| STAIRDANCE
 32224 | Vaults:3 | 32224 ||| STAIRDANCE
 32229 | Vaults:2 | 32229 ||| DRINKING 8 potions of curing.
 32229 | Vaults:2 | 32229 ||| (to cure confusion)
 32337 | Vaults:3 | 32337 ||| Stepping ~*~*~tactically~*~*~ (hiding).
 32339 | Vaults:3 | 32339 ||| Stepping ~*~*~tactically~*~*~ (hiding).
 32362 | Vaults:3 | 32362 ||| FLEEEEING.
 32363 | Vaults:3 | 32363 ||| FLEEEEING.
 32364 | Vaults:3 | 32364 ||| FLEEEEING.
 32365 | Vaults:3 | 32365 ||| STAIRDANCE
 32478 | Vaults:3 | 32478 ||| STAIRDANCE
 32501 | Vaults:3 | 32501 ||| STAIRDANCE
 32620 | Vaults:3 | 32620 ||| Stepping ~*~*~tactically~*~*~ (hiding).
 32931 | Vaults:4 | Received a gift from Okawaru
 33147 | Vaults:4 | 33147 ||| Stepping ~*~*~tactically~*~*~ (hiding).
 33149 | Vaults:4 | 33149 ||| Stepping ~*~*~tactically~*~*~ (hiding).
 33152 | Vaults:4 | 33152 ||| INVOKING Heroism.
 33176 | Vaults:4 | 33176 ||| Stepping ~*~*~tactically~*~*~ (hiding).
 33177 | Vaults:4 | 33177 ||| Stepping ~*~*~tactically~*~*~ (hiding).
 33213 | Vaults:4 | Reached skill level 18 in Fighting
 33228 | Vaults:4 | 33228 ||| Stepping ~*~*~tactically~*~*~ (stealth).
 33231 | Vaults:4 | 33231 ||| Stepping ~*~*~tactically~*~*~ (stealth).
 33238 | Vaults:4 | Received a gift from Okawaru
 33409 | Vaults:4 | 33409 ||| INVOKING Heroism.
 33504 | Vaults:4 | 33504 ||| FLEEEEING.
 33505 | Vaults:4 | 33505 ||| FLEEEEING.
 33543 | Vaults:4 | 33543 ||| Stepping ~*~*~tactically~*~*~ (hiding).
 33548 | Vaults:4 | 33548 ||| DRINKING 7 potions of curing.
 33548 | Vaults:4 | 33548 ||| (to cure confusion)
 33551 | Vaults:4 | Paralysed by a great orb of eyes for 3 turns
 33664 | Vaults:4 | 33664 ||| Stepping ~*~*~tactically~*~*~ (stealth).
 33665 | Vaults:4 | 33665 ||| Stepping ~*~*~tactically~*~*~ (stealth).
 33678 | Vaults:4 | Paralysed by a great orb of eyes for 4 turns
 33760 | Vaults:4 | Found Awoalei's Antique Weapon Shop.
 33829 | Vaults:4 | 33829 ||| Stepping ~*~*~tactically~*~*~ (hiding).
 33830 | Vaults:4 | 33830 ||| Stepping ~*~*~tactically~*~*~ (hiding).
 33832 | Vaults:4 | 33832 ||| INVOKING Heroism.
 33833 | Vaults:4 | 33833 ||| INVOKING Finesse.
 33853 | Vaults:4 | Received a gift from Okawaru
 34159 | Vaults:4 | 34159 ||| INVOKING Heroism.
 34162 | Vaults:4 | HP: 33/136 [war gargoyle/+0 morningstar[a peacekeeper] (7)]
 34163 | Vaults:4 | 34163 ||| READING 9 scrolls of teleportation.
 34233 | Vaults:4 | 34233 ||| Stepping ~*~*~tactically~*~*~ (hiding).
 34234 | Vaults:4 | 34234 ||| Stepping ~*~*~tactically~*~*~ (hiding).
 34237 | Vaults:4 | 34237 ||| Stepping ~*~*~tactically~*~*~ (hiding).
 34238 | Vaults:4 | 34238 ||| Stepping ~*~*~tactically~*~*~ (hiding).
 34239 | Vaults:4 | 34239 ||| Stepping ~*~*~tactically~*~*~ (hiding).
 34369 | Vaults:4 | 34369 ||| Stepping ~*~*~tactically~*~*~ (stealth).
 34370 | Vaults:4 | 34370 ||| Stepping ~*~*~tactically~*~*~ (stealth).
 34372 | Vaults:4 | 34372 ||| Stepping ~*~*~tactically~*~*~ (hiding).
 34733 | Vaults:4 | 34733 ||| PLANNING SPIDER:4
 35082 | Spider:4 | Entered Level 4 of the Spider Nest
 35086 | Spider:4 | 35086 ||| INVOKING Finesse.
 35091 | Spider:4 | 35091 ||| INVOKING Heroism.
 35109 | Spider:4 | 35109 ||| DRINKING 2 potions of cancellation.
 35112 | Spider:4 | Reached skill level 18 in Armour
 35124 | Spider:4 | Received a gift from Okawaru
 35141 | Spider:4 | 35141 ||| Stepping ~*~*~tactically~*~*~ (stealth).
 35253 | Spider:4 | 35253 ||| Stepping ~*~*~tactically~*~*~ (stealth).
 35308 | Spider:4 | 35308 ||| Stepping ~*~*~tactically~*~*~ (hiding).
 35332 | Spider:4 | 35332 ||| INVOKING Heroism.
 35348 | Spider:4 | Gained mutation: You are somewhat resistant to further
                  | mutation. [mutagenic glow]
 35359 | Spider:4 | Gained mutation: You are frail. (-10% HP) [mutagenic glow]
 35360 | Spider:4 | 35360 ||| DRINKING 5 potions of mutation.
 35360 | Spider:4 | Lost mutation: You are frail. (-10% HP) [potion of
                  | mutation]
 35360 | Spider:4 | Lost mutation: You are somewhat resistant to further
                  | mutation. [potion of mutation]
 35360 | Spider:4 | Gained mutation: You have supernaturally acute eyesight.
                  | (SInv) [potion of mutation]
 35360 | Spider:4 | Gained mutation: You expend magic power (3 MP) to
                  | strengthen your wands. [potion of mutation]
 35688 | Spider:4 | 35688 ||| Stepping ~*~*~tactically~*~*~ (stealth).
 35759 | Spider:4 | Received a gift from Okawaru
 35788 | Spider:4 | 35788 ||| Stepping ~*~*~tactically~*~*~ (stealth).
 35853 | Spider:4 | 35853 ||| Stepping ~*~*~tactically~*~*~ (hiding).
 35878 | Spider:4 | 35878 ||| Stepping ~*~*~tactically~*~*~ (stealth).
 35963 | Spider:4 | 35963 ||| INVOKING Heroism.
 36017 | Spider:4 | 36017 ||| Stepping ~*~*~tactically~*~*~ (hiding).
 36019 | Spider:4 | 36019 ||| Stepping ~*~*~tactically~*~*~ (stealth).
 36029 | Spider:4 | Reached XP level 21. HP: 142/142 MP: 28/28
 36052 | Spider:4 | 36052 ||| INVOKING Finesse.
 36201 | Spider:4 | 36201 ||| INVOKING Finesse.
 36339 | Spider:4 | Received a gift from Okawaru
 36347 | Spider:4 | 36347 ||| Stepping ~*~*~tactically~*~*~ (stealth).
 36357 | Spider:4 | 36357 ||| INVOKING Heroism.
 36368 | Spider:4 | Reached skill level 19 in Fighting
 36384 | Spider:4 | Identified the -2 hat of Zakoh Oka {MP+9}
 36389 | Spider:4 | Got a gossamer rune of Zot
 36415 | Spider:4 | 36415 ||| Stepping ~*~*~tactically~*~*~ (hiding).
 36504 | Spider:4 | 36504 ||| PLANNING DEPTHS
 36504 | Spider:4 | 36504 ||| UPGRADING to +0 cloak of Okawaru's Generosity
                  | {Str+3}.
 36514 | Spider:4 | 36514 ||| DROPPING +0 cloak of Puts {Drain Dex+5 SInv
                  | Stlth+}.
 36515 | Spider:4 | 36515 ||| DROPPING -2 hat of Zakoh Oka {MP+9}.
 36516 | Spider:4 | 36516 ||| DROPPING scarf of shadows.
 36517 | Spider:4 | 36517 ||| DROPPING ring of see invisible.
 36814 | Depths:1 | Entered Level 1 of the Depths
 36817 | Depths:1 | 36817 ||| INVOKING Heroism.
 36888 | Depths:1 | Found a sparkling altar of Nemelex Xobeh.
 36915 | Depths:1 | 36915 ||| INVOKING Finesse.
 36931 | Depths:1 | Received a gift from Okawaru
 37011 | Depths:1 | 37011 ||| Stepping ~*~*~tactically~*~*~ (hiding).
 37028 | Depths:1 | 37028 ||| Stepping ~*~*~tactically~*~*~ (stealth).
 37049 | Depths:1 | 37049 ||| DRINKING 6 potions of curing.
 37049 | Depths:1 | 37049 ||| (to cure confusion)
 37059 | Depths:1 | 37059 ||| INVOKING Heroism.
 37067 | Depths:1 | 37067 ||| DRINKING 5 potions of curing.
 37067 | Depths:1 | 37067 ||| (to cure confusion)
 37072 | Depths:1 | Received a gift from Okawaru
 37073 | Depths:1 | 37073 ||| INVOKING Finesse.
 37179 | Depths:1 | Found a one-way gate to the infinite horrors of the Abyss.
 37475 | Depths:1 | Received a gift from Okawaru
 37497 | Depths:1 | Found a gateway to Hell.
 37691 | Depths:2 | 37691 ||| Stepping ~*~*~tactically~*~*~ (stealth).
 37921 | Depths:2 | Received a gift from Okawaru
 37949 | Depths:2 | Paralysed by a vampire knight for 5 turns
 38070 | Depths:2 | Received a gift from Okawaru
 38178 | Depths:2 | Noticed Jory
 38183 | Depths:2 | Paralysed by a vampire knight for 4 turns
 38188 | Depths:2 | 38188 ||| INVOKING Heroism.
 38222 | Depths:2 | Killed Jory
 38848 | Depths:2 | 38848 ||| UPGRADING to amulet of reflection.
 38858 | Depths:2 | 38858 ||| DROPPING amulet of regeneration.
 38981 | Depths:2 | 38981 ||| INVOKING Finesse.
 39053 | Depths:2 | Found a one-way gate leading to the halls of Pandemonium.
 39056 | Depths:2 | 39056 ||| Stepping ~*~*~tactically~*~*~ (hiding).
 39141 | Depths:2 | 39141 ||| Stepping ~*~*~tactically~*~*~ (stealth).
 39143 | Depths:2 | 39143 ||| Stepping ~*~*~tactically~*~*~ (hiding).
 39226 | Depths:2 | 39226 ||| Stepping ~*~*~tactically~*~*~ (hiding).
 39228 | Depths:2 | 39228 ||| Stepping ~*~*~tactically~*~*~ (hiding).
 39303 | Depths:2 | 39303 ||| Stepping ~*~*~tactically~*~*~ (hiding).
 39376 | Depths:2 | 39376 ||| Stepping ~*~*~tactically~*~*~ (hiding).
 39396 | Depths:2 | 39396 ||| Stepping ~*~*~tactically~*~*~ (stealth).
 39407 | Depths:2 | Reached skill level 20 in Fighting
 39431 | Depths:2 | Received a gift from Okawaru
 39681 | Depths:3 | Noticed Xtahua
 39682 | Depths:3 | 39682 ||| DRINKING potion of resistance.
 39711 | Depths:3 | Paralysed by Xtahua for 5 turns
 39720 | Depths:3 | Killed Xtahua
 39721 | Depths:3 | Reached XP level 22. HP: 152/152 MP: 29/29
 39796 | Depths:3 | 39796 ||| Stepping ~*~*~tactically~*~*~ (hiding).
 39860 | Depths:3 | 39860 ||| Stepping ~*~*~tactically~*~*~ (stealth).
 39863 | Depths:3 | 39863 ||| Stepping ~*~*~tactically~*~*~ (hiding).
 39907 | Depths:3 | 39907 ||| DROPPING +0 war axe of venom.
 39968 | Depths:3 | Noticed Louise
 40036 | Depths:3 | Killed Louise
 40085 | Depths:3 | 40085 ||| INVOKING Finesse.
 40142 | Depths:3 | 40142 ||| Stepping ~*~*~tactically~*~*~ (stealth).
 40143 | Depths:3 | 40143 ||| Stepping ~*~*~tactically~*~*~ (stealth).
 40162 | Depths:3 | Received a gift from Okawaru
 40168 | Depths:3 | 40168 ||| DROPPING +1 heavy broad axe.
 40231 | Depths:3 | Noticed Saint Roka
 40289 | Depths:3 | 40289 ||| INVOKING Heroism.
 40302 | Depths:3 | Killed Saint Roka
 40423 | Depths:3 | 40423 ||| Stepping ~*~*~tactically~*~*~ (hiding).
 40469 | Depths:3 | Identified the scarf of the Lily {+Inv, Contam Dex+5}
                  | (Okawaru gifted it to you on level 3 of the Depths)
 40469 | Depths:3 | Received a gift from Okawaru
 40470 | Depths:3 | Reached skill level 21 in Shields
 40477 | Depths:3 | You are sucked into a shaft and drop 1 floor!
 40477 | Depths:4 | Entered Level 4 of the Depths
 40517 | Depths:4 | 40517 ||| Stepping ~*~*~tactically~*~*~ (stealth).
 40537 | Depths:4 | Noticed a golden dragon
 40538 | Depths:4 | 40538 ||| INVOKING Heroism.
 40539 | Depths:4 | 40539 ||| INVOKING Finesse.
 40564 | Depths:4 | Killed a golden dragon
 40660 | Depths:4 | 40660 ||| INVOKING Heroism.
 40673 | Depths:4 | 40673 ||| INVOKING Heroism.
 40723 | Depths:4 | 40723 ||| INVOKING Finesse.
 40882 | Depths:4 | 40882 ||| Stepping ~*~*~tactically~*~*~ (hiding).
 40886 | Depths:4 | 40886 ||| INVOKING Heroism.
 40889 | Depths:4 | 40889 ||| Stepping ~*~*~tactically~*~*~ (hiding).
 40891 | Depths:4 | 40891 ||| Stepping ~*~*~tactically~*~*~ (hiding).
 41037 | Depths:4 | 41037 ||| Stepping ~*~*~tactically~*~*~ (stealth).
 41228 | Depths:4 | Found a one-way gateway to a ziggurat.
 41229 | Depths:4 | 41229 ||| DROPPING scarf of the Lily {+Inv, Contam Dex+5}.
 41230 | Depths:4 | 41230 ||| Stepping ~*~*~tactically~*~*~ (stealth).
 41270 | Depths:4 | 41270 ||| INVOKING Heroism.
 41290 | Depths:4 | Noticed a golden dragon
 41300 | Depths:4 | Killed a golden dragon
 41301 | Depths:4 | Reached skill level 21 in Fighting
 41313 | Depths:4 | 41313 ||| READING scroll of enchant weapon.
 41313 | Depths:4 | 41313 ||| ENCHANTING +4 vampiric war axe.
 41495 | Depths:4 | 41495 ||| Stepping ~*~*~tactically~*~*~ (hiding).
 41496 | Depths:4 | 41496 ||| Stepping ~*~*~tactically~*~*~ (hiding).
 41498 | Depths:4 | 41498 ||| Stepping ~*~*~tactically~*~*~ (hiding).
 41499 | Depths:4 | 41499 ||| Stepping ~*~*~tactically~*~*~ (hiding).
 41610 | Depths:4 | 41610 ||| Stepping ~*~*~tactically~*~*~ (hiding).
 41611 | Depths:4 | 41611 ||| Stepping ~*~*~tactically~*~*~ (hiding).
 42022 | Depths:3 | 42022 ||| INVOKING Heroism.
 42096 | Depths:3 | 42096 ||| Stepping ~*~*~tactically~*~*~ (stealth).
 42105 | Depths:3 | Found a stormy altar of Qazlal.
 42106 | Depths:3 | 42106 ||| INVOKING Heroism.
 42172 | Depths:3 | Identified the ring "Jama" {rC+ rCorr Int+6}
 42301 | Depths:4 | 42301 ||| INVOKING Heroism.
 42334 | Depths:4 | Noticed a golden dragon
 42339 | Depths:4 | 42339 ||| INVOKING Heroism.
 42355 | Depths:4 | Killed a golden dragon
 42356 | Depths:4 | Reached skill level 12 in Throwing
 42362 | Depths:4 | Found a gate to the Realm of Zot.
 43023 | Depths:4 | 43023 ||| ZAPPING wand of digging (10).
 43024 | Depths:4 | 43024 ||| ZAPPING wand of digging (9).
 43025 | Depths:4 | 43025 ||| INVOKING Heroism.
 43048 | Depths:4 | Received a gift from Okawaru
 43122 | Depths:3 | Identified the +3 quarterstaff of the Doomed Warrior
                  | {drain, *Rage rElec Str+3}
 43123 | Depths:3 | 43123 ||| PLANNING VAULTS:5
 43451 | Vaults:5 | Entered Level 5 of the Vaults
 43452 | Vaults:5 | 43452 ||| INVOKING Heroism.
 43457 | Vaults:5 | Noticed a dread lich
 43488 | Vaults:5 | Reached XP level 23. HP: 160/160 MP: 30/30
 43496 | Vaults:5 | Reached skill level 21 in Armour
 43496 | Vaults:5 | Paralysed by a dread lich for 3 turns
 43500 | Vaults:5 | Killed a dread lich
 43501 | Vaults:5 | 43501 ||| INVOKING Finesse.
 43507 | Vaults:5 | Received a gift from Okawaru
 43546 | Vaults:5 | 43546 ||| INVOKING Heroism.
 43592 | Vaults:5 | 43592 ||| Stepping ~*~*~tactically~*~*~ (hiding).
 43594 | Vaults:5 | 43594 ||| INVOKING Heroism.
 43617 | Vaults:5 | Reached skill level 22 in Fighting
 43617 | Vaults:5 | 43617 ||| INVOKING Finesse.
 43646 | Vaults:5 | 43646 ||| Stepping ~*~*~tactically~*~*~ (hiding).
 43647 | Vaults:5 | 43647 ||| Stepping ~*~*~tactically~*~*~ (hiding).
 43648 | Vaults:5 | 43648 ||| Stepping ~*~*~tactically~*~*~ (hiding).
 43649 | Vaults:5 | 43649 ||| Stepping ~*~*~tactically~*~*~ (hiding).
 43664 | Vaults:5 | 43664 ||| INVOKING Heroism.
 43673 | Vaults:5 | Received a gift from Okawaru
 43768 | Vaults:5 | Identified the amulet "Qeybb" {Faith rN+ Int-2 Stlth+}
 43895 | Vaults:5 | 43895 ||| INVOKING Heroism.
 43923 | Vaults:5 | Received a gift from Okawaru
 43934 | Vaults:5 | 43934 ||| INVOKING Heroism.
 43985 | Vaults:5 | 43985 ||| INVOKING Finesse.
 44142 | Vaults:5 | 44142 ||| INVOKING Heroism.
 44153 | Vaults:5 | 44153 ||| INVOKING Finesse.
 44157 | Vaults:5 | 44157 ||| READING 10 scrolls of teleportation.
 44187 | Vaults:5 | 44187 ||| FLEEEEING.
 44195 | Vaults:5 | 44195 ||| INVOKING Heroism.
 44197 | Vaults:5 | 44197 ||| Stepping ~*~*~tactically~*~*~ (hiding).
 44218 | Vaults:5 | 44218 ||| FLEEEEING.
 44219 | Vaults:5 | 44219 ||| FLEEEEING.
 44220 | Vaults:5 | 44220 ||| STAIRDANCE
 44322 | Vaults:4 | 44322 ||| DROPPING +2 helmet.
 44323 | Vaults:4 | 44323 ||| DROPPING scarf of shadows.
 44324 | Vaults:4 | 44324 ||| UPGRADING to amulet "Qeybb" {Faith rN+ Int-2
                  | Stlth+}.
 44336 | Vaults:5 | 44336 ||| INVOKING Heroism.
 44398 | Vaults:5 | 44398 ||| Stepping ~*~*~tactically~*~*~ (hiding).
 44402 | Vaults:5 | 44402 ||| Stepping ~*~*~tactically~*~*~ (hiding).
 44413 | Vaults:5 | 44413 ||| INVOKING Heroism.
 44437 | Vaults:5 | Identified the +6 sling of Virtue {speed, rPois rC- SInv}
 44452 | Vaults:5 | Received a gift from Okawaru
 44493 | Vaults:5 | 44493 ||| INVOKING Heroism.
 44517 | Vaults:5 | Received a gift from Okawaru
 44521 | Vaults:5 | Identified the staff of the Grave {rN+ Dex+3 Necro}
 44606 | Vaults:5 | Identified the staff "Zeawk" {rElec rF+ Str+2 Int+2 Fire}
 44684 | Vaults:5 | 44684 ||| INVOKING Heroism.
 44820 | Vaults:5 | 44820 ||| Stepping ~*~*~tactically~*~*~ (stealth).
 44823 | Vaults:5 | 44823 ||| Stepping ~*~*~tactically~*~*~ (stealth).
 44825 | Vaults:5 | 44825 ||| Stepping ~*~*~tactically~*~*~ (hiding).
 44840 | Vaults:5 | 44840 ||| DRINKING 5 potions of curing.
 44840 | Vaults:5 | 44840 ||| (to cure confusion)
 44862 | Vaults:5 | 44862 ||| Stepping ~*~*~tactically~*~*~ (hiding).
 44864 | Vaults:5 | 44864 ||| INVOKING Heroism.
 44873 | Vaults:5 | Received a gift from Okawaru
 44877 | Vaults:5 | Identified the ring of Reimbursement {AC+4 Dex+4 SInv}
 44878 | Vaults:5 | 44878 ||| Stepping ~*~*~tactically~*~*~ (hiding).
 44879 | Vaults:5 | 44879 ||| Stepping ~*~*~tactically~*~*~ (hiding).
 44934 | Vaults:5 | Identified the +4 scale mail "Turr" {Will+}
 45100 | Vaults:5 | 45100 ||| Stepping ~*~*~tactically~*~*~ (hiding).
 45103 | Vaults:5 | 45103 ||| Stepping ~*~*~tactically~*~*~ (hiding).
 45105 | Vaults:5 | 45105 ||| INVOKING Heroism.
 45326 | Vaults:5 | Identified the +5 ring mail "Leit" {rElec Str-2 SInv}
 45361 | Vaults:5 | Identified the +6 halberd "Beetleslayer" {freeze, Str+2
                  | Dex+3}
 45364 | Vaults:5 | Identified the +0 leather armour "Osatafor" {rElec rPois
                  | Str+3 Stlth-}
 45370 | Vaults:5 | Noticed a golden dragon
 45371 | Vaults:5 | 45371 ||| Stepping ~*~*~tactically~*~*~ (hiding).
 45373 | Vaults:5 | 45373 ||| INVOKING Heroism.
 45384 | Vaults:5 | Killed a golden dragon
 45385 | Vaults:5 | Reached skill level 9 in Dodging
 45385 | Vaults:5 | Reached XP level 24. HP: 168/168 MP: 30/30
 45388 | Vaults:5 | Got a silver rune of Zot
 45394 | Vaults:5 | 45394 ||| PLANNING SHOPPING SPREE
 45394 | Vaults:5 | 45394 ||| DROPPING scarf of resistance.
 45395 | Vaults:5 | 45395 ||| DROPPING +6 ring of dexterity.
 45396 | Vaults:5 | 45396 ||| UPGRADING to ring of Reimbursement {AC+4 Dex+4
                  | SInv}.
 45616 | Orc:2    | 45616 ||| BUYING ring of protection from cold (425 gold).
 45616 | Orc:2    | Bought a ring of protection from cold for 425 gold pieces
 45641 | Orc:2    | 45641 ||| BUYING +6 ring of strength (576 gold).
 45641 | Orc:2    | Bought a +6 ring of strength for 576 gold pieces
 45641 | Orc:2    | 45641 ||| UPGRADING to +6 ring of strength.
 45643 | Orc:2    | 45643 ||| DROPPING +4 ring of protection.
 45644 | Orc:2    | 45644 ||| PLANNING ZOT:1-4
 45922 | Zot:1    | Entered Level 1 of the Realm of Zot
 45934 | Zot:1    | 45934 ||| READING scroll of acquirement.
 45934 | Zot:1    | 45934 ||| ACQUIRING 970 gold pieces
 45934 | Zot:1    | Acquired 970 gold pieces
 45988 | Zot:1    | 45988 ||| Stepping ~*~*~tactically~*~*~ (hiding).
 46022 | Zot:1    | 46022 ||| Stepping ~*~*~tactically~*~*~ (hiding).
 46023 | Zot:1    | 46023 ||| Stepping ~*~*~tactically~*~*~ (hiding).
 46024 | Zot:1    | 46024 ||| Stepping ~*~*~tactically~*~*~ (hiding).
 46585 | Zot:1    | 46585 ||| INVOKING Heroism.
 46880 | Zot:1    | 46880 ||| UPGRADING to +3 plate armour of fire resistance.
 46890 | Zot:1    | 46890 ||| UPGRADING to scarf of resistance.
 46900 | Zot:1    | 46900 ||| UPGRADING to +3 plate armour of the Tarantula
                  | {Regen+ Dex+3}.
 46919 | Zot:2    | Found a transporter.
 47002 | Zot:2    | 47002 ||| INVOKING Heroism.
 47005 | Zot:2    | HP: 38/168 [death cob (19)]
 47006 | Zot:2    | 47006 ||| READING 10 scrolls of teleportation.
 47007 | Zot:2    | 47007 ||| DRINKING 4 potions of heal wounds.
 47029 | Zot:2    | 47029 ||| INVOKING Heroism.
 47038 | Zot:2    | Gained mutation: You are frail. (-10% HP) [mutagenic glow]
 47052 | Zot:2    | Gained mutation: You are weak. (Str -2) [mutagenic glow]
 47065 | Zot:2    | Gained mutation: You sometimes lose your temper in combat.
                  | [mutagenic glow]
 47073 | Zot:2    | 47073 ||| INVOKING Heroism.
 47100 | Zot:2    | HP: 36/152 [moth of wrath (9)]
 47101 | Zot:2    | 47101 ||| READING 9 scrolls of teleportation.
 47101 | Zot:2    | HP: 7/152 [white draconian/+0 trident (15)]
 47102 | Zot:2    | 47102 ||| DRINKING 3 potions of heal wounds.
 47103 | Zot:2    | 47103 ||| DRINKING 2 potions of heal wounds.
 47104 | Zot:2    | 47104 ||| DRINKING potion of heal wounds.
 47108 | Zot:2    | Received a gift from Okawaru
 47118 | Zot:2    | 47118 ||| DRINKING 7 potions of mutation.
 47118 | Zot:2    | Lost mutation: You are weak. (Str -2) [potion of mutation]
 47118 | Zot:2    | Lost mutation: You sometimes lose your temper in combat.
                  | [potion of mutation]
 47118 | Zot:2    | Lost mutation: You expend magic power (3 MP) to strengthen
                  | your wands. [potion of mutation]
 47118 | Zot:2    | Gained mutation: You sometimes lose your temper in combat.
                  | [potion of mutation]
 47118 | Zot:2    | Gained mutation: You expend magic power (3 MP) to
                  | strengthen your wands. [potion of mutation]
 47118 | Zot:2    | Gained mutation: You are agile. (Dex +4, Str/Int -1)
                  | [potion of mutation]
 47119 | Zot:2    | 47119 ||| DRINKING 6 potions of mutation.
 47119 | Zot:2    | Lost mutation: You sometimes lose your temper in combat.
                  | [potion of mutation]
 47119 | Zot:2    | Lost mutation: You have supernaturally acute eyesight.
                  | (SInv) [potion of mutation]
 47119 | Zot:2    | Lost mutation: Your natural rate of healing is unusually
                  | fast. [potion of mutation]
 47119 | Zot:2    | Gained mutation: You passively map a small area around you.
                  | [potion of mutation]
 47119 | Zot:2    | Gained mutation: You have hidden genetic potential. [potion
                  | of mutation]
 47120 | Zot:2    | 47120 ||| DRINKING 5 potions of mutation.
 47120 | Zot:2    | Lost mutation: You are frail. (-10% HP) [potion of
                  | mutation]
 47120 | Zot:2    | Lost mutation: You are agile. (Dex +4, Str/Int -1) [potion
                  | of mutation]
 47120 | Zot:2    | Gained mutation: You are agile. (Dex +4, Str/Int -1)
                  | [potion of mutation]
 47148 | Zot:2    | 47148 ||| Stepping ~*~*~tactically~*~*~ (hiding).
 47269 | Zot:2    | 47269 ||| FLEEEEING.
 47273 | Zot:2    | 47273 ||| FLEEEEING.
 47274 | Zot:2    | 47274 ||| FLEEEEING.
 47277 | Zot:2    | 47277 ||| STAIRDANCE
 47382 | Zot:2    | Found a transporter.
 47614 | Zot:3    | 47614 ||| ZAPPING wand of digging (12).
 47615 | Zot:3    | 47615 ||| FLEEEEING.
 47616 | Zot:3    | 47616 ||| STAIRDANCE
 47632 | Zot:3    | 47632 ||| INVOKING Heroism.
 47633 | Zot:3    | 47633 ||| ZAPPING wand of digging (11).
 47642 | Zot:3    | Noticed a Killer Klown
 47643 | Zot:3    | 47643 ||| INVOKING Finesse.
 47654 | Zot:3    | Received a gift from Okawaru
 47674 | Zot:3    | Killed a Killer Klown
 47674 | Zot:3    | Identified the +9 war axe "Uthraro" {flame, rPois} (Okawaru
                  | gifted it to you on level 3 of the Realm of Zot)
 47674 | Zot:3    | Received a gift from Okawaru
 47711 | Zot:3    | 47711 ||| DROPPING +9 war axe "Uthraro" {flame, rPois}.
 47780 | Zot:3    | 47780 ||| Stepping ~*~*~tactically~*~*~ (hiding).
 47795 | Zot:3    | 47795 ||| INVOKING Heroism.
 47958 | Zot:3    | Identified the +5 hand axe of Benevolence {venom, rC+
                  | Dex+2}
 47976 | Zot:3    | Reached skill level 23 in Fighting
 48046 | Zot:3    | You are sucked into a shaft and drop 1 floor!
 48080 | Zot:4    | 48080 ||| Stepping ~*~*~tactically~*~*~ (stealth).
 48092 | Zot:4    | 48092 ||| Stepping ~*~*~tactically~*~*~ (hiding).
 48184 | Zot:4    | 48184 ||| Stepping ~*~*~tactically~*~*~ (hiding).
 48203 | Zot:4    | 48203 ||| INVOKING Heroism.
 48269 | Zot:4    | 48269 ||| Stepping ~*~*~tactically~*~*~ (stealth).
 48277 | Zot:4    | 48277 ||| INVOKING Heroism.
 48325 | Zot:4    | 48325 ||| INVOKING Heroism.
 48365 | Zot:4    | 48365 ||| Stepping ~*~*~tactically~*~*~ (hiding).
 48385 | Zot:4    | Reached skill level 12 in Dodging
 48385 | Zot:4    | 48385 ||| Stepping ~*~*~tactically~*~*~ (hiding).
 48447 | Zot:4    | Found the +4 dragonskin cloak
 48447 | Zot:4    | Noticed Tiamat
 48448 | Zot:4    | 48448 ||| INVOKING Heroism.
 48496 | Zot:4    | 48496 ||| INVOKING Heroism.
 48522 | Zot:4    | 48522 ||| INVOKING Heroism.
 48536 | Zot:4    | Killed Tiamat
 48536 | Zot:4    | Received a gift from Okawaru
 48809 | Zot:4    | 48809 ||| DROPPING +0 cloak of Okawaru's Generosity
                  | {Str+3}.
 48810 | Zot:4    | 48810 ||| DROPPING +2 plate armour of cold resistance.
 48820 | Zot:3    | 48820 ||| INVOKING Heroism.
 48821 | Zot:3    | 48821 ||| ZAPPING wand of digging (10).
 48822 | Zot:3    | 48822 ||| ZAPPING wand of digging (9).
 48823 | Zot:3    | Noticed a curse toe
 48840 | Zot:3    | 48840 ||| INVOKING Heroism.
 48846 | Zot:3    | HP: 35/171 [white draconian stormcaller/divine providence
                  | (9)]
 48847 | Zot:3    | 48847 ||| READING 8 scrolls of teleportation.
 48850 | Zot:3    | 48850 ||| READING 7 scrolls of teleportation.
 48853 | Zot:3    | HP: 40/171 [quicksilver dragon/bolt of dispelling energy
                  | (11)]
 48854 | Zot:3    | 48854 ||| READING 6 scrolls of teleportation.
 48856 | Zot:3    | 48856 ||| READING 5 scrolls of teleportation.
 48859 | Zot:3    | HP: 37/171 [??? (8)]
 48861 | Zot:3    | Killed a curse toe
 49039 | Zot:3    | Reached XP level 25. HP: 176/176 MP: 30/30
 49132 | Zot:3    | 49132 ||| INVOKING Heroism.
 49484 | Zot:3    | 49484 ||| INVOKING Heroism.
 49534 | Zot:3    | 49534 ||| INVOKING Heroism.
 49795 | Zot:3    | 49795 ||| DROPPING amulet of magic regeneration.
 50079 | Zot:4    | 50079 ||| INVOKING Heroism.
 50095 | Zot:4    | Received a gift from Okawaru
 50370 | Zot:4    | 50370 ||| Stepping ~*~*~tactically~*~*~ (hiding).
 50373 | Zot:4    | 50373 ||| INVOKING Heroism.
 50466 | Zot:4    | 50466 ||| PLANNING SLIME:5
 50466 | Zot:4    | 50466 ||| UPGRADING to +10 chain mail of the Okapi {Contam
                  | rCorr Int+2 Dex+3}.
 50476 | Zot:4    | 50476 ||| UPGRADING to +4 dragonskin cloak.
 51000 | Slime:1  | Entered Level 1 of the Pits of Slime
 51016 | Slime:1  | 51016 ||| INVOKING Heroism.
 51019 | Slime:1  | Received a gift from Okawaru
 51037 | Slime:1  | 51037 ||| STAIRDANCE
 51270 | Slime:2  | 51270 ||| Stepping ~*~*~tactically~*~*~ (wall).
 51324 | Slime:3  | Received a gift from Okawaru
 51325 | Slime:3  | Gained mutation: You sometimes lose your temper in combat.
                  | [a shining eye]
 51330 | Slime:3  | Gained mutation: Your body sometimes deteriorates upon
                  | taking damage. [a shining eye]
 51332 | Slime:3  | Gained mutation: You occasionally lose the ability to drink
                  | potions when taking damage. [a shining eye]
 51343 | Slime:3  | 51343 ||| INVOKING Heroism.
 51466 | Slime:3  | 51466 ||| DRINKING 4 potions of mutation.
 51466 | Slime:3  | Lost mutation: You passively map a small area around you.
                  | [potion of mutation]
 51466 | Slime:3  | Lost mutation: You have hidden genetic potential. [potion
                  | of mutation]
 51466 | Slime:3  | Gained mutation: You are partially covered in large bone
                  | plates. (SH +4) [potion of mutation]
 51467 | Slime:3  | 51467 ||| DRINKING 3 potions of mutation.
 51467 | Slime:3  | Lost mutation: Your spells are a little harder to cast, but
                  | a little more powerful. [potion of mutation]
 51467 | Slime:3  | Lost mutation: You are partially covered in large bone
                  | plates. (SH +4) [potion of mutation]
 51467 | Slime:3  | Lost mutation: You sometimes lose your temper in combat.
                  | [potion of mutation]
 51467 | Slime:3  | Gained mutation: Your body often deteriorates upon taking
                  | damage. [potion of mutation]
 51468 | Slime:3  | 51468 ||| DRINKING 2 potions of mutation.
 51468 | Slime:3  | Lost mutation: You expend magic power (3 MP) to strengthen
                  | your wands. [potion of mutation]
 51468 | Slime:3  | Lost mutation: You are agile. (Dex +4, Str/Int -1) [potion
                  | of mutation]
 51468 | Slime:3  | Lost mutation: You occasionally lose the ability to drink
                  | potions when taking damage. [potion of mutation]
 51468 | Slime:3  | Gained mutation: You are partially covered in iridescent
                  | scales. (AC +2) [potion of mutation]
 51468 | Slime:3  | Gained mutation: You have large cloven feet. [potion of
                  | mutation]
 51469 | Slime:3  | 51469 ||| DRINKING potion of mutation.
 51469 | Slime:3  | Lost mutation: You have large cloven feet. [potion of
                  | mutation]
 51469 | Slime:3  | Lost mutation: Your body often deteriorates upon taking
                  | damage. [potion of mutation]
 51469 | Slime:3  | Lost mutation: You are partially covered in iridescent
                  | scales. (AC +2) [potion of mutation]
 51469 | Slime:3  | Gained mutation: Your flesh is heat resistant. (rF+)
                  | [potion of mutation]
 51469 | Slime:3  | Gained mutation: You have a pair of small antennae on your
                  | head. [potion of mutation]
 51469 | Slime:3  | Gained mutation: Your muscles are strong. (Str +4, Int/Dex
                  | -1) [potion of mutation]
 51470 | Slime:3  | 51470 ||| DROPPING +2 helmet.
 51599 | Slime:5  | Entered Level 5 of the Pits of Slime
 51624 | Slime:5  | 51624 ||| DRINKING 5 potions of curing.
 51624 | Slime:5  | 51624 ||| (to cure confusion)
 51630 | Slime:5  | Received a gift from Okawaru
 51631 | Slime:5  | Reached skill level 24 in Fighting
 51633 | Slime:5  | 51633 ||| INVOKING Heroism.
 51649 | Slime:5  | Noticed the Royal Jelly
 51657 | Slime:5  | 51657 ||| DRINKING 4 potions of curing.
 51657 | Slime:5  | 51657 ||| (to cure confusion)
 51659 | Slime:5  | 51659 ||| DRINKING 3 potions of curing.
 51659 | Slime:5  | 51659 ||| (to cure confusion)
 51662 | Slime:5  | 51662 ||| DRINKING 2 potions of curing.
 51662 | Slime:5  | 51662 ||| (to cure confusion)
 51666 | Slime:5  | 51666 ||| DRINKING potion of curing.
 51666 | Slime:5  | 51666 ||| (to cure confusion)
 51670 | Slime:5  | 51670 ||| DRINKING 2 potions of cancellation.
 51675 | Slime:5  | 51675 ||| DRINKING potion of cancellation.
 51675 | Slime:5  | HP: 42/178 [acid blob (12)]
 51676 | Slime:5  | 51676 ||| READING 4 scrolls of teleportation.
 51676 | Slime:5  | HP: 19/178 [rockslime (6)]
 51677 | Slime:5  | 51677 ||| INVOKING Heroism.
 51862 | Slime:4  | Received a gift from Okawaru
 51877 | Slime:4  | Gained mutation: Your body often deteriorates upon taking
                  | damage. [a shining eye]
 51883 | Slime:4  | Gained mutation: You have hidden genetic defects. [a
                  | shining eye]
 52097 | Slime:5  | 52097 ||| Stepping ~*~*~tactically~*~*~ (wall).
 52164 | Slime:5  | 52164 ||| Stepping ~*~*~tactically~*~*~ (stealth).
 52170 | Slime:5  | 52170 ||| Stepping ~*~*~tactically~*~*~ (stealth).
 52171 | Slime:5  | Found a viscous altar of Jiyva.
 52174 | Slime:5  | 52174 ||| Stepping ~*~*~tactically~*~*~ (hiding).
 52186 | Slime:5  | 52186 ||| Stepping ~*~*~tactically~*~*~ (hiding).
 52203 | Slime:5  | 52203 ||| INVOKING Heroism.
 52246 | Slime:5  | 52246 ||| Stepping ~*~*~tactically~*~*~ (stealth).
 52248 | Slime:5  | 52248 ||| Stepping ~*~*~tactically~*~*~ (hiding).
 52255 | Slime:5  | Received a gift from Okawaru
 52289 | Slime:5  | 52289 ||| INVOKING Heroism.
 52386 | Slime:5  | 52386 ||| INVOKING Heroism.
 52429 | Slime:5  | HP: 22/180 [rockslime[the Royal Jelly] (24)]
 52430 | Slime:5  | 52430 ||| READING 3 scrolls of teleportation.
 52430 | Slime:5  | HP: 2/180 [rockslime[the Royal Jelly] (21)]
 52430 | Slime:5  | Annihilated by an acid blob

Levels and vault maps discovered:
D:1:      dpeg_arrival_simpleton_c, layout_loops_cross, chequers_arboretum,
          minmay_misc_feat_alley, minmay_pentomino_r4
D:2:      layout_loops_ring, corner_web_ring, minmay_rat_hole, uniq_robin
D:3:      layout_loops_cross, nicolae_ru_path_of_blood, uniq_crazy_yiuf_cottage,
          uniq_terence, uniq_jessica, uniq_grinder
D:4:      layout_loops_ring, good_gods_mini_temple, minivault_26,
          minmay_misc_feat_four_crosses, kennysheep_generic_room_12,
          uniq_natasha, uniq_sigmund
D:5:      layout_rooms, minmay_temple_entry_fiery,
          hangedman_abyss_or_decor_slice, chequers_serial_rivers_micro_b,
          uniq_eustachio, uniq_duvessa
D:6:      layout_basic
D:7:      layout_rooms, kennysheep_generic_room_15
D:8:      layout_layer_cave, kennysheep_little_box, xom_shifter_show,
          amethyst_overflow_temple_binary, kennysheep_windowed_goal
D:9:      layout_roguey, mainiacjoe_overflow_alcove_1,
          grunt_temple_overflow_open, grunt_lair_entry_orc_guard_hut,
          orc_david_3, enter_bailey_5
D:10:     layout_rooms, hangedman_decor_riveting
D:11:     layout_basic, uniq_lodul
D:12:     layout_loops_cross, portal_ice_cave_entry_ice_simulacra, uniq_jorgrun
D:13:     layout_gridville, david_vaults_2, serial_shops,
          nicolae_shop_tiny_real_fake_doors, gammafunk_ghost_mausoleum,
          evilmike_ruin_ashenzari
D:14:     minmay_the_grid_square_5x5_3x3 [minmay_the_grid_square_5x5_six_small,
          minmay_the_grid_square_5x5_empty, minmay_the_grid_square_5x5_tie,
          minmay_the_grid_square_5x5_inner_v,
          minmay_the_grid_square_5x5_megaprize_checkered,
          minmay_the_grid_square_5x5_misaligned,
          minmay_the_grid_square_5x5_hollow_slash,
          minmay_the_grid_square_5x5_beaten_path,
          minmay_the_grid_square_5x5_percent], layout_loops_cross,
          chequers_serial_rivers_large_b
D:15:     gammafunk_enter_depths_forms, layout_rooms, ebering_ghost_gozag,
          nicolae_wu_jian_wuxing_cycle
Temple:   nicolae_temple_two_arcs
Lair:1:   layout_misc_corridors, beast_lair_carwin_6, serial_bayou_shore_b
Lair:2:   layout_hall_layers, spider_nest_entry_a, pdpol_lair_neglected_garden,
          grunt_megastairs_4, infiniplex_staircase_pool
Lair:3:   layout_cave_pods, swamp_mist, minivault_25, grunt_megastairs_1
Lair:4:   layout_gridlike
Lair:5:   cheibrodos_lair_end_hotspot, layout_regular_city, slime_entry_1,
          basic_altar
Swamp:1:  layout_basic_swamp, nicolae_swamp_big_swirl
Swamp:2:  nicolae_swamp_secret_spriggan_hideout, layout_falls_marsh,
          serial_swamp_ruin, evilmike_swamp_ruin_house_6,
          evilmike_swamp_ruin_rubble_2, evilmike_swamp_ruin_house_3,
          swamp_pool2, uniq_aizul
Swamp:3:  layout_basic_swamp, basic_altar, swamp_pool4
Swamp:4:  swamp_basic_johnstein, layout_basic_swamp, swamp_pool5,
          nicolae_swamp_treefoil, nicolae_swamp_snake_nest
Spider:1: layout_cave_pods, worms_lemuel
Spider:2: nicolae_spider_hilbert_zone_4 [nicolae_spider_hilbert_4_sides_2_open,
          nicolae_spider_hilbert_4_sides_1_open,
          nicolae_spider_hilbert_4_sides_1_open,
          nicolae_spider_hilbert_4_sides_1_open,
          nicolae_spider_hilbert_4_sides_1_open,
          nicolae_spider_hilbert_2_sides_1_open,
          nicolae_spider_hilbert_2_sides_1_open,
          nicolae_spider_hilbert_2_sides_1_open,
          nicolae_spider_hilbert_2_sides_1_open,
          nicolae_spider_hilbert_6_sides_1_open,
          nicolae_spider_hilbert_6_sides_1_open,
          nicolae_spider_hilbert_3_sides_1_open,
          nicolae_spider_hilbert_3_sides_1_open],
          hangedman_spider_tarantella_strand
Spider:3: layout_spider_delve
Spider:4: hellmonk_spider_rune_endless_swarm
Slime:1:  layout_caves
Slime:2:  layout_caves
Slime:3:  layout_caves
Slime:4:  layout_caves
Slime:5
Orc:1:    layout_diamond_mine, serial_shops, shop, elves_outpost_lemuel
Orc:2:    st_orc_open, layout_caves, serial_shops, shop,
          nicolae_shop_just_a_little_nook, nicolae_shop_just_a_little_nook,
          basic_altar, kennysheep_orc_sif_temple
Vaults:1: ebering_ghost_reflecting_pool, nicolae_vaults_shipping_containers_2,
          ontoclasm_vaults_spin, v_pattern_4, nicolae_vaults_network_periphery,
          nicolae_vaults_tetromino_Z_2, grunt_vaults_funnel,
          nicolae_vaults_network_quinsquares
          [nicolae_vaults_network_quincunx_subvault,
          nicolae_vaults_network_quincunx_subvault,
          nicolae_vaults_network_quincunx_subvault,
          nicolae_vaults_network_quincunx_subvault],
          nicolae_vaults_specimen_jars, layout_vaults_maze_bifur
Vaults:2: minmay_crypt_entry_nasty_monster, v_misc_19,
          nicolae_vaults_layer_cake_slice, nicolae_vaults_double_plus_1,
          v_alt_pattern_2, nicolae_vaults_storage_room_water, vaults_mumra_lcd,
          nicolae_vaults_door_testing_chamber, nicolae_vaults_oval_intersection,
          v_misc_30, nicolae_vaults_closet_pinwheel_6, nicolae_vaults_diamond_2,
          vaults_dpeg_hooks, nicolae_vaults_antechamber_and_loot_room,
          ontoclasm_vaults_pinch, layout_vaults_ring
Vaults:3: nicolae_vaults_quadrants, v_rooms_2, v_misc_12,
          vaults_standard_mumra_enter_the_diamond, nicolae_vaults_theta,
          nicolae_vaults_house_1, nicolae_vaults_cornered_office,
          nicolae_vaults_trapezoid_1, ontoclasm_vaults_fault,
          ontoclasm_vaults_loading_screen, hangedman_vaults_corner_blocks,
          ontoclasm_vaults_ring_small, nicolae_vaults_offset_grid_hallway_2,
          nicolae_vaults_layer_cake_slice, nicolae_vaults_alarming,
          vaults_dpeg_cross, layout_vaults_omnibox, uniq_zenata
Vaults:4: grunt_vaults_trifunnel, nicolae_vaults_tetromino_T_1,
          hangedman_vaults_stagger, vaults_standard_mumra_lines,
          nicolae_vaults_house_2, nicolae_vaults_tetromino_Z_2,
          nicolae_vaults_crenellated_ambush, layout_vaults_omnigrid,
          serial_shops, nicolae_shop_hallway_plus
Vaults:5
Depths:1: layout_cave_pools, grunt_hell_entry_dis_mu,
          hangedman_abyss_or_decor_clamps, abyss_entry,
          nemelex_diamond_rough_becter
Depths:2: due_jory_tower, layout_honeycomb, pan_entry, dk_noncrumbling_3,
          hell_entry, infiniplex_staircase_door_maze
Depths:3: regret_index_qazlal_generations, layout_gridlike, lightli_too_deep,
          nicolae_abyss_entry_one_way_or_another, serial_bayou_shore_b,
          serial_bayou_shore_b, firewood_loft, uniq_saint_roka, uniq_xtahua
Depths:4: evilmike_zot_entry_gauntlet, layout_gridville, enter_ziggurat_d,
          hell_entry, minmay_misc_feat_plants, rand_demon_pan_entry_1,
          grunt_megastairs_3
Zot:1:    layout_twisted_circle
Zot:2:    gammafunk_sealed_arena, layout_misc_corridors
Zot:3:    lemuel_draconian_sentries_small, layout_gridlike, grunt_ministairs_9
Zot:4:    kennysheep_room_grid, layout_basic, uniq_tiamat

Skill      XL: |  1  2  3  4  5  6  7  8  9 10 11 12 13 14 15 16 17 18 19 20 21 22 23 24 25 |
---------------+----------------------------------------------------------------------------+-----
Axes           | 2 3 4 5 7 8 9 11 12 14 15 16 | 16.0
Dodging        | 1 2 3 4 5 6 7 8 9 12 | 12.9
Throwing       | 3 4 6 7 9 10 11 12 13 | 13.0
Fighting       | 4 6 7 8 9 10 11 12 13 14 15 17 18 20 21 22 23 24 | 24.8
Armour         | 5 6 7 8 9 11 12 14 15 17 18 19 20 22 | 22.0
Shields        | 4 5 11 12 15 18 19 20 21 22 | 22.0
Invocations    | 3 4 7 10 | 10.0

Action                     |  1- 3 |  4- 6 |  7- 9 | 10-12 | 13-15 | 16-18 | 19-21 | 22-24 | 25-27 || total
---------------------------+-------+-------+-------+-------+-------+-------+-------+-------+-------++-------
  Melee: War axe           |   111 |   121 |   368 |   414 |  1262 |  2375 |  2604 |  2282 |   485 || 10022
         Morningstar       |       |       |       |       |       |    34 |       |       |       ||    34
  Throw: Javelin           |       |     4 |    25 |    20 |    40 |   132 |   171 |    59 |    25 ||   476
         Boomerang         |       |       |    12 |     2 |   177 |    88 |    38 |    25 |    45 ||   387
 Invoke: Heroism           |       |       |       |    11 |    28 |    39 |    19 |    40 |    12 ||   149
         Finesse           |       |       |       |       |     2 |     6 |     8 |     8 |       ||    24
  Evoke: Wand              |       |       |       |       |       |       |       |     6 |       ||     6
    Use: Scroll            |     4 |     3 |     6 |     8 |     7 |     4 |     3 |     9 |     2 ||    46
         Potion            |     2 |     2 |     2 |     1 |     2 |     4 |    13 |     8 |    11 ||    45
   Stab: Held in net/web   |       |     1 |       |       |       |       |       |       |       ||     1
         Distracted        |       |       |       |       |       |     2 |       |       |       ||     2
         Confused          |       |       |       |       |       |     1 |       |     3 |       ||     4
         Petrified         |       |       |       |       |       |       |       |     7 |       ||     7
         Petrifying        |       |       |       |       |       |       |       |     1 |       ||     1
 Armour: Scale mail        |    53 |    24 |       |       |       |       |       |       |       ||    77
         Ring mail         |       |    37 |       |       |       |       |       |       |       ||    37
         Chain mail        |       |       |    40 |       |       |       |       |       |   201 ||   241
         Plate armour      |       |       |   317 |   265 |   835 |  2324 |  1168 |  1485 |    95 ||  6489
         Skin              |       |       |    27 |       |       |       |       |       |       ||    27
  Dodge: Dodged            |    48 |    64 |   152 |   141 |   410 |  1348 |   631 |   908 |   225 ||  3927
  Block: Buckler           |    24 |    20 |    74 |    98 |   352 |       |       |       |       ||   568
         Kite shield       |       |       |       |       |    93 |   182 |       |       |       ||   275
         Tower shield      |       |       |       |       |       |  3231 |  2441 |  2755 |   589 ||  9016
         Reflection        |       |       |       |       |       |       |     2 |     9 |       ||    11

Table legend:
 A = Non-vault XP
 B = Vault XP
 C = Vault XP percentage of total XP
 D = Non-vault monster count
 E = Vault monster count
 F = Vault count percentage of total count
                 A         B        C        D         E       F
            +---------+---------+-------+---------+---------+-------
      Total |  571546 |  468631 |  45.1 |    1182 |     691 |  36.9
            +---------+---------+-------+---------+---------+-------
        D:1 |      40 |       6 |  13.0 |      22 |       3 |  12.0
        D:2 |      96 |      46 |  32.4 |      20 |      26 |  56.5
        D:3 |     104 |     327 |  75.9 |      16 |       3 |  15.8
        D:4 |     301 |     291 |  49.2 |      15 |       3 |  16.7
        D:5 |     509 |     416 |  45.0 |      19 |       3 |  13.6
        D:6 |    1312 |       0 |   0.0 |      22 |       0 |   0.0
        D:7 |    1328 |     153 |  10.3 |      21 |       2 |   8.7
        D:8 |    2033 |      85 |   4.0 |      11 |       1 |   8.3
        D:9 |    1895 |     944 |  33.3 |      16 |      14 |  46.7
       D:10 |    1831 |       0 |   0.0 |       8 |       0 |   0.0
       D:11 |    5237 |    1485 |  22.1 |      27 |       7 |  20.6
       D:12 |    4008 |    2425 |  37.7 |       9 |       9 |  50.0
       D:13 |    5589 |    1681 |  23.1 |      17 |       3 |  15.0
       D:14 |    9767 |    9426 |  49.1 |      27 |      17 |  38.6
       D:15 |   11159 |    5163 |  31.6 |      26 |       9 |  25.7
     Lair:1 |    4084 |     862 |  17.4 |      21 |       8 |  27.6
     Lair:2 |    4387 |    1854 |  29.7 |      21 |       7 |  25.0
     Lair:3 |    4829 |     439 |   8.3 |      15 |       2 |  11.8
     Lair:4 |   12401 |       0 |   0.0 |      39 |       0 |   0.0
     Lair:5 |   16262 |    7059 |  30.3 |      47 |      26 |  35.6
    Swamp:1 |   12398 |       0 |   0.0 |      22 |       0 |   0.0
    Swamp:2 |    9851 |    8633 |  46.7 |      20 |      17 |  45.9
    Swamp:3 |   15444 |       0 |   0.0 |      30 |       0 |   0.0
    Swamp:4 |    6709 |   20822 |  75.6 |      18 |      38 |  67.9
   Spider:1 |   14294 |    7715 |  35.1 |      34 |      10 |  22.7
   Spider:2 |   21670 |    8330 |  27.8 |      62 |      12 |  16.2
   Spider:3 |   14954 |       0 |   0.0 |      31 |       0 |   0.0
   Spider:4 |   23732 |   23769 |  50.0 |      43 |      46 |  51.7
    Slime:1 |    9439 |       0 |   0.0 |      16 |       0 |   0.0
    Slime:2 |    6457 |       0 |   0.0 |      14 |       0 |   0.0
    Slime:3 |    7662 |       0 |   0.0 |      16 |       0 |   0.0
    Slime:4 |    9213 |       0 |   0.0 |      11 |       0 |   0.0
    Slime:5 |   15696 |   17201 |  52.3 |      28 |      14 |  33.3
      Orc:1 |    1990 |    5529 |  73.5 |      22 |      10 |  31.2
      Orc:2 |    4438 |   14823 |  77.0 |      37 |      43 |  53.8
   Vaults:1 |   14467 |   19235 |  57.1 |      21 |      27 |  56.2
   Vaults:2 |   18811 |   17714 |  48.5 |      30 |      23 |  43.4
   Vaults:3 |   34013 |   19921 |  36.9 |      50 |      24 |  32.4
   Vaults:4 |   18577 |   20960 |  53.0 |      32 |      30 |  48.4
   Vaults:5 |   32479 |  106700 |  76.7 |      42 |      96 |  69.6
   Depths:1 |   28873 |     754 |   2.5 |      39 |       1 |   2.5
   Depths:2 |   20693 |   33195 |  61.6 |      25 |      44 |  63.8
   Depths:3 |    8452 |   43991 |  83.9 |      10 |      50 |  83.3
   Depths:4 |   15228 |   32437 |  68.1 |      12 |      35 |  74.5
      Zot:1 |   17115 |       0 |   0.0 |      16 |       0 |   0.0
      Zot:2 |   43509 |       0 |   0.0 |      39 |       0 |   0.0
      Zot:3 |   34326 |    7728 |  18.4 |      24 |       8 |  25.0
      Zot:4 |   23884 |   26512 |  52.6 |      19 |      20 |  51.3
            +---------+---------+-------+---------+---------+-------
